Workbook
Name SACTable1: 'Tie Out'!$B$2:$D$6
Name SACTable2: ZFICA!$A$1:$F$36
Name SACTable3: 'ZFICA Customer Detail'!$A$1:$I$5140
Name SAPCrosstab1: TB!$A$16:$J$25
Name SAPCrosstab3: #REF!

Sheet _com.sap.ip.bi.xl.hiddensheet

Sheet MOPSC
A1: Liberty Utilities
A2: Missouri Water
A4: Miscellaneous Revenue Summary
A5: 46295
A7: Profit Center Description | B7: Reg Acct | C7: Reg Account Description | D7: Line Item Description | E7: Sum of Amount
A8: All Other Water | B8: 21471003 | C8: Late Payment Fee | D8: Late Payment (Adj.Cr) | E8: =SUMIFS(ZFICA!F:F,ZFICA!H:H,MOPSC!A8,ZFICA!E:E,MOPSC!D8) -> 1327.74
A9: All Other Water | B9: 21471003 | C9: Late Payment Fee | D9: LPC from invoicing | E9: =SUMIFS(ZFICA!F:F,ZFICA!H:H,MOPSC!A9,ZFICA!E:E,MOPSC!D9) -> -33627
A10: All Other Water | B10: 21471004 | C10: Returned Check Charge | D10: Return Fee | E10: =SUMIFS(ZFICA!F:F,ZFICA!H:H,MOPSC!A10,ZFICA!E:E,MOPSC!D10) -> -225
A11: All Other Water | B11: 21474000 | C11: Othr Wtr Rev-Othr OpRvs-NAW76 | D11: MIsc. Charge | E11: =SUMIFS(ZFICA!F:F,ZFICA!H:H,MOPSC!A11,ZFICA!E:E,MOPSC!D11) -> 0
A12: All Other Water | B12: 21474000 | C12: Othr Wtr Rev-Othr OpRvs-NAW76 | D12: Misc. Credit | E12: =SUMIFS(ZFICA!F:F,ZFICA!H:H,MOPSC!A12,ZFICA!E:E,MOPSC!D12) -> 228.9
A13: All Other Water | B13: 21474000 | C13: Othr Wtr Rev-Othr OpRvs-NAW76 | D13: Manual Adjust. With TAX | E13: =SUMIFS(ZFICA!F:F,ZFICA!H:H,MOPSC!A13,ZFICA!E:E,MOPSC!D13) -> 0
A14: All Other Water | B14: 21474000 | C14: Othr Wtr Rev-Othr OpRvs-NAW76 | D14: Manual Adjust. With TAX Credit | E14: =SUMIFS(ZFICA!F:F,ZFICA!H:H,MOPSC!A14,ZFICA!E:E,MOPSC!D14) -> 1393.19
A15: All Other Water | B15: 21474000 | C15: Othr Wtr Rev-Othr OpRvs-NAW76 | D15: Move Out / Turn Off Fee | E15: =SUMIFS(ZFICA!F:F,ZFICA!H:H,MOPSC!A15,ZFICA!E:E,MOPSC!D15) -> -1400
A16: All Other Water | B16: 21474000 | C16: Othr Wtr Rev-Othr OpRvs-NAW76 | D16: Tampering Charges | E16: =SUMIFS(ZFICA!F:F,ZFICA!H:H,MOPSC!A16,ZFICA!E:E,MOPSC!D16) -> 0
A17: All Other Water | B17: 21471002 | C17: Establishment Fees | D17: Initiation Fee | E17: =SUMIFS(ZFICA!F:F,ZFICA!H:H,MOPSC!A17,ZFICA!E:E,MOPSC!D17) -> -2500
A18: All Other Water | B18: 21471002 | C18: Establishment Fees | D18: Connection Charge | E18: =SUMIFS(ZFICA!F:F,ZFICA!H:H,MOPSC!A18,ZFICA!E:E,MOPSC!D18) -> -800
A19: All Other Water | B19: 21471002 | C19: Establishment Fees | D19: After Hrs Connection Charge | E19: =SUMIFS(ZFICA!F:F,ZFICA!H:H,MOPSC!A19,ZFICA!E:E,MOPSC!D19) -> 0
... A54: Prairie Heights Sewer | B54: 22526002 | C54: Establishment Fees | D54: Initiation Fee | E54: =SUMIFS(ZFICA!F:F,ZFICA!H:H,MOPSC!A54,ZFICA!E:E,MOPSC!D54) -> 0
E55: =SUM(E8:E54) -> -73424.58
E56: =TB!J25 -> -73424.58 | F56: TB
E57: =E55-E56 -> 0 | F57: Variance | G57: (AS) 10/21/26 - noted check
A66: Reviewed By: | B66: Audrey Sobolesky
A67: Reviewed On: | B67: 46316

Sheet ZFICA
A1: 4AM_FICA_BILLING_QUERY
H2: (AS) 10/21/26 - reviewed parameters
E3: Measures | F3: BilledAmount
E4: PostingMonth | F4: 2026-09
A5: ProfitCenter | B5: GLAccount | C5: RegulatoryAccount | D5: Main-SubTrans | E5: NameofSubtransaction | F5: 2026-09 | G5: Reclassed Profit Center | H5: Profit Center Description | I5: GL Account | J5: Regulatory Account | K5: Regulatory Account Text | M5: TEXT
A6: 10224 Timbercreek Water | B6: 420540 Reg Water Rev Returned Check Charge | C6: 21471004 Returned Check Charge | D6: 70-20 | E6: Return Fee | F6: -225 | G6: =_xlfn.XLOOKUP(VALUE(LEFT(A6,5)),'PC Mapping'!A:A,'PC Mapping'!F:F) -> 10719 | H6: =VLOOKUP(G6,'PC Mapping'!L:M,2,) -> All Other Water | I6: =LEFT(B6,6) -> 420540 | J6: =LEFT(C6,8) -> 21471004 | K6: =MID(C6,10,60) -> Returned Check Charge | L6: Reclassed | M6: =_xlfn.CONCAT(H6,"-",LEFT(C6,8),"-",ZFICA!E6) -> All Other Water-21471004-Return Fee
A7: 10226 Ozark Mountain Water | B7: 420510 Reg Water Rev Establishment Fees | C7: 21471002 Establishment Fees | D7: 10-26 | E7: Connection Charge | F7: -50 | G7: =_xlfn.XLOOKUP(VALUE(LEFT(A7,5)),'PC Mapping'!A:A,'PC Mapping'!F:F) -> 10719 | H7: =VLOOKUP(G7,'PC Mapping'!L:M,2,) -> All Other Water | I7: =LEFT(B7,6) -> 420510 | J7: =LEFT(C7,8) -> 21471002 | K7: =MID(C7,10,60) -> Establishment Fees | M7: =_xlfn.CONCAT(H7,"-",LEFT(C7,8),"-",ZFICA!E7) -> All Other Water-21471002-Connection Charge
A8: 10226 Ozark Mountain Water | B8: 420510 Reg Water Rev Establishment Fees | C8: 21471002 Establishment Fees | D8: 10-44 | E8: Initiation Fee | F8: -50 | G8: =_xlfn.XLOOKUP(VALUE(LEFT(A8,5)),'PC Mapping'!A:A,'PC Mapping'!F:F) -> 10719 | H8: =VLOOKUP(G8,'PC Mapping'!L:M,2,) -> All Other Water | I8: =LEFT(B8,6) -> 420510 | J8: =LEFT(C8,8) -> 21471002 | K8: =MID(C8,10,60) -> Establishment Fees | M8: =_xlfn.CONCAT(H8,"-",LEFT(C8,8),"-",ZFICA!E8) -> All Other Water-21471002-Initiation Fee
A9: 10226 Ozark Mountain Water | B9: 420520 Reg Water Rev Late Payment Fee | C9: 21471003 Late Payment Fee | D9: 10-60 | E9: LPC from invoicing | F9: -10 | G9: =_xlfn.XLOOKUP(VALUE(LEFT(A9,5)),'PC Mapping'!A:A,'PC Mapping'!F:F) -> 10719 | H9: =VLOOKUP(G9,'PC Mapping'!L:M,2,) -> All Other Water | I9: =LEFT(B9,6) -> 420520 | J9: =LEFT(C9,8) -> 21471003 | K9: =MID(C9,10,60) -> Late Payment Fee | M9: =_xlfn.CONCAT(H9,"-",LEFT(C9,8),"-",ZFICA!E9) -> All Other Water-21471003-LPC from invoicing
A10: 10231 Noel Water | B10: 420510 Reg Water Rev Establishment Fees | C10: 21471002 Establishment Fees | D10: 10-26 | E10: Connection Charge | F10: -50 | G10: =_xlfn.XLOOKUP(VALUE(LEFT(A10,5)),'PC Mapping'!A:A,'PC Mapping'!F:F) -> 10719 | H10: =VLOOKUP(G10,'PC Mapping'!L:M,2,) -> All Other Water | I10: =LEFT(B10,6) -> 420510 | J10: =LEFT(C10,8) -> 21471002 | K10: =MID(C10,10,60) -> Establishment Fees | M10: =_xlfn.CONCAT(H10,"-",LEFT(C10,8),"-",ZFICA!E10) -> All Other Water-21471002-Connection Charge
A11: 10251 Missouri Water West-Empire Water | B11: 420500 Reg Water Rev Other / Misc Water Income | C11: 21474000 Othr Wtr Rev-Othr OpRvs-NAW76 | D11: 6000-110 | E11: Misc. Credit | F11: 50 | G11: =_xlfn.XLOOKUP(VALUE(LEFT(A11,5)),'PC Mapping'!A:A,'PC Mapping'!F:F) -> 10719 | H11: =VLOOKUP(G11,'PC Mapping'!L:M,2,) -> All Other Water | I11: =LEFT(B11,6) -> 420500 | J11: =LEFT(C11,8) -> 21474000 | K11: =MID(C11,10,60) -> Othr Wtr Rev-Othr OpRvs-NAW76 | M11: =_xlfn.CONCAT(H11,"-",LEFT(C11,8),"-",ZFICA!E11) -> All Other Water-21474000-Misc. Credit
A12: 10251 Missouri Water West-Empire Water | B12: 420510 Reg Water Rev Establishment Fees | C12: 21471002 Establishment Fees | D12: 10-44 | E12: Initiation Fee | F12: -150 | G12: =_xlfn.XLOOKUP(VALUE(LEFT(A12,5)),'PC Mapping'!A:A,'PC Mapping'!F:F) -> 10719 | H12: =VLOOKUP(G12,'PC Mapping'!L:M,2,) -> All Other Water | I12: =LEFT(B12,6) -> 420510 | J12: =LEFT(C12,8) -> 21471002 | K12: =MID(C12,10,60) -> Establishment Fees | M12: =_xlfn.CONCAT(H12,"-",LEFT(C12,8),"-",ZFICA!E12) -> All Other Water-21471002-Initiation Fee
A13: 10251 Missouri Water West-Empire Water | B13: 420520 Reg Water Rev Late Payment Fee | C13: 21471003 Late Payment Fee | D13: 10-60 | E13: LPC from invoicing | F13: -5 | G13: =_xlfn.XLOOKUP(VALUE(LEFT(A13,5)),'PC Mapping'!A:A,'PC Mapping'!F:F) -> 10719 | H13: =VLOOKUP(G13,'PC Mapping'!L:M,2,) -> All Other Water | I13: =LEFT(B13,6) -> 420520 | J13: =LEFT(C13,8) -> 21471003 | K13: =MID(C13,10,60) -> Late Payment Fee | M13: =_xlfn.CONCAT(H13,"-",LEFT(C13,8),"-",ZFICA!E13) -> All Other Water-21471003-LPC from invoicing
A14: 10469 City of Bolivar Water | B14: 420500 Reg Water Rev Other / Misc Water Income | C14: 21474000 Othr Wtr Rev-Othr OpRvs-NAW76 | D14: 10-23 | E14: Move Out / Turn Off Fee | F14: -1450 | G14: =_xlfn.XLOOKUP(VALUE(LEFT(A14,5)),'PC Mapping'!A:A,'PC Mapping'!F:F) -> 10469 | H14: =VLOOKUP(G14,'PC Mapping'!L:M,2,) -> Bolivar Water | I14: =LEFT(B14,6) -> 420500 | J14: =LEFT(C14,8) -> 21474000 | K14: =MID(C14,10,60) -> Othr Wtr Rev-Othr OpRvs-NAW76 | M14: =_xlfn.CONCAT(H14,"-",LEFT(C14,8),"-",ZFICA!E14) -> Bolivar Water-21474000-Move Out / Turn Off Fee
A15: 10469 City of Bolivar Water | B15: 420500 Reg Water Rev Other / Misc Water Income | C15: 21474000 Othr Wtr Rev-Othr OpRvs-NAW76 | D15: 6000-111 | E15: Manual Adjust. With TAX Credit | F15: 1465.37 | G15: =_xlfn.XLOOKUP(VALUE(LEFT(A15,5)),'PC Mapping'!A:A,'PC Mapping'!F:F) -> 10469 | H15: =VLOOKUP(G15,'PC Mapping'!L:M,2,) -> Bolivar Water | I15: =LEFT(B15,6) -> 420500 | J15: =LEFT(C15,8) -> 21474000 | K15: =MID(C15,10,60) -> Othr Wtr Rev-Othr OpRvs-NAW76 | M15: =_xlfn.CONCAT(H15,"-",LEFT(C15,8),"-",ZFICA!E15) -> Bolivar Water-21474000-Manual Adjust. With TAX Credit
A16: 10469 City of Bolivar Water | B16: 420510 Reg Water Rev Establishment Fees | C16: 21471002 Establishment Fees | D16: 10-26 | E16: Connection Charge | F16: -800 | G16: =_xlfn.XLOOKUP(VALUE(LEFT(A16,5)),'PC Mapping'!A:A,'PC Mapping'!F:F) -> 10469 | H16: =VLOOKUP(G16,'PC Mapping'!L:M,2,) -> Bolivar Water | I16: =LEFT(B16,6) -> 420510 | J16: =LEFT(C16,8) -> 21471002 | K16: =MID(C16,10,60) -> Establishment Fees | M16: =_xlfn.CONCAT(H16,"-",LEFT(C16,8),"-",ZFICA!E16) -> Bolivar Water-21471002-Connection Charge
A17: 10469 City of Bolivar Water | B17: 420510 Reg Water Rev Establishment Fees | C17: 21471002 Establishment Fees | D17: 10-34 | E17: Initiation Credit | F17: -25 | G17: =_xlfn.XLOOKUP(VALUE(LEFT(A17,5)),'PC Mapping'!A:A,'PC Mapping'!F:F) -> 10469 | H17: =VLOOKUP(G17,'PC Mapping'!L:M,2,) -> Bolivar Water | I17: =LEFT(B17,6) -> 420510 | J17: =LEFT(C17,8) -> 21471002 | K17: =MID(C17,10,60) -> Establishment Fees | M17: =_xlfn.CONCAT(H17,"-",LEFT(C17,8),"-",ZFICA!E17) -> Bolivar Water-21471002-Initiation Credit
A18: 10469 City of Bolivar Water | B18: 420510 Reg Water Rev Establishment Fees | C18: 21471002 Establishment Fees | D18: 10-44 | E18: Initiation Fee | F18: -2150 | G18: =_xlfn.XLOOKUP(VALUE(LEFT(A18,5)),'PC Mapping'!A:A,'PC Mapping'!F:F) -> 10469 | H18: =VLOOKUP(G18,'PC Mapping'!L:M,2,) -> Bolivar Water | I18: =LEFT(B18,6) -> 420510 | J18: =LEFT(C18,8) -> 21471002 | K18: =MID(C18,10,60) -> Establishment Fees | M18: =_xlfn.CONCAT(H18,"-",LEFT(C18,8),"-",ZFICA!E18) -> Bolivar Water-21471002-Initiation Fee
... A36: 10721 Silverleaf Sewer | B36: 430420 Reg Waste Rev Late Payment Fee | C36: 22526003 Late Payment Fee | D36: 10-60 | E36: LPC from invoicing | F36: -28.06 | G36: =_xlfn.XLOOKUP(VALUE(LEFT(A36,5)),'PC Mapping'!A:A,'PC Mapping'!F:F) -> 10721 | H36: =VLOOKUP(G36,'PC Mapping'!L:M,2,) -> Silverleaf Sewer | I36: =LEFT(B36,6) -> 430420 | J36: =LEFT(C36,8) -> 22526003 | K36: =MID(C36,10,60) -> Late Payment Fee | M36: =_xlfn.CONCAT(H36,"-",LEFT(C36,8),"-",ZFICA!E36) -> Silverleaf Sewer-22526003-LPC from invoicing
I37: =LEFT(B37,6) | J37: =LEFT(C37,8) | K37: =MID(C37,10,60)
I38: =LEFT(B38,6) | J38: =LEFT(C38,8) | K38: =MID(C38,10,60)
F43: Note: Added (null) to misc. credit line on MOPSC summary | G43: (AS) 10/21/26 - noted
F45: =SUM(F6:F43) -> -73424.58 | G45: Total
E46: =ROUND(SUM('ZFICA Customer Detail'!J6:J5434)-F45,2) -> 73424.58 | F46: =F45-TB!J25 -> 0 | G46: Difference | H46: (AS) 10/21/26 - noted check
A49: Reviewed By: | B49: Audrey Sobolesky
A50: Reviewed On: | B50: 46232

Sheet ZFICA Customer Detail
A1: 4AM_FICA_BILLING_QUERY
H3: Measures | I3: BilledAmount
H4: PostingMonth | I4: 2026-09 | K4: (AS) 10/21/26 - reviewed parameters
A5: ProfitCenter | B5: GLAccount | C5: RegulatoryAccount | D5: Main-SubTrans | E5: NameofSubtransaction | F5: Installation | G5: ADID | H5: ContractAccount
A6: 10224 Timbercreek Water | B6: 420540 Reg Water Rev Returned Check Charge | C6: 21471004 Returned Check Charge | D6: 70-20 | E6: Return Fee | F6: 7000796348 | G6: Residential | H6: 200011865553 | I6: -25
A7: 10224 Timbercreek Water | B7: 420540 Reg Water Rev Returned Check Charge | C7: 21471004 Returned Check Charge | D7: 70-20 | E7: Return Fee | F7: 7000916772 | G7: Residential | H7: 200012987133 | I7: -25
A8: 10224 Timbercreek Water | B8: 420540 Reg Water Rev Returned Check Charge | C8: 21471004 Returned Check Charge | D8: 70-20 | E8: Return Fee | F8: 7000940148 | G8: Residential | H8: 200014600528 | I8: -25
A9: 10224 Timbercreek Water | B9: 420540 Reg Water Rev Returned Check Charge | C9: 21471004 Returned Check Charge | D9: 70-20 | E9: Return Fee | F9: 7000966250 | G9: Residential | H9: 200011666126 | I9: -25
A10: 10224 Timbercreek Water | B10: 420540 Reg Water Rev Returned Check Charge | C10: 21471004 Returned Check Charge | D10: 70-20 | E10: Return Fee | F10: 7000980295 | G10: Residential | H10: 200017384641 | I10: -25
A11: 10224 Timbercreek Water | B11: 420540 Reg Water Rev Returned Check Charge | C11: 21471004 Returned Check Charge | D11: 70-20 | E11: Return Fee | F11: 7000990567 | G11: Residential | H11: 200013637208 | I11: -25
A12: 10224 Timbercreek Water | B12: 420540 Reg Water Rev Returned Check Charge | C12: 21471004 Returned Check Charge | D12: 70-20 | E12: Return Fee | F12: 7001005776 | G12: Residential | H12: 200016036564 | I12: -25
A13: 10224 Timbercreek Water | B13: 420540 Reg Water Rev Returned Check Charge | C13: 21471004 Returned Check Charge | D13: 70-20 | E13: Return Fee | F13: 7001005968 | G13: Residential | H13: 200016037505 | I13: -25
A14: 10224 Timbercreek Water | B14: 420540 Reg Water Rev Returned Check Charge | C14: 21471004 Returned Check Charge | D14: 70-20 | E14: Return Fee | F14: 7001083670 | G14: Residential | H14: 200013891284 | I14: -25
A15: 10226 Ozark Mountain Water | B15: 420510 Reg Water Rev Establishment Fees | C15: 21471002 Establishment Fees | D15: 10-26 | E15: Connection Charge | F15: 7000862547 | G15: Residential | H15: 200018276564 | I15: -50
A16: 10226 Ozark Mountain Water | B16: 420510 Reg Water Rev Establishment Fees | C16: 21471002 Establishment Fees | D16: 10-44 | E16: Initiation Fee | F16: 7000862355 | G16: Residential | H16: 200018379756 | I16: -50
A17: 10226 Ozark Mountain Water | B17: 420520 Reg Water Rev Late Payment Fee | C17: 21471003 Late Payment Fee | D17: 10-60 | E17: LPC from invoicing | F17: 7000915812 | G17: Residential | H17: 200018124293 | I17: -5
... A5140: 10721 Silverleaf Sewer | B5140: 430420 Reg Waste Rev Late Payment Fee | C5140: 22526003 Late Payment Fee | D5140: 10-60 | E5140: LPC from invoicing | F5140: 7001045451 | G5140: Residential | H5140: 200017845633 | I5140: -8.06

Sheet MOPSC Old
A1: Liberty Utilities
A2: Missouri Water
A4: Miscellaneous Revenue Summary
A5: 45838
A8: Profit Center Description | B8: G/L acct | C8: GL Account Description | D8: Line Item Description | E8: Sum of Amount
A9: All Other Sewer | B9: 430420 | C9: Wst Rev Late Payment | D9: Late Payment (Adj.Cr) | E9: 45
D10: LPC from invoicing | E10: -1361.56
B11: 430410 | C11: Wst Rev Establish | D11: Initiation Fee | E11: -50
B12: 430400 | C12: Wst Rev Other/Misc | D12: Misc. Credit | E12: 5
A13: All Other Water | B13: 420520 | C13: Wtr Rev Late Payment | D13: Late Payment (Adj.Cr) | E13: 460.21
D14: LPC from invoicing | E14: -19739.66
B15: 420540 | C15: Wtr Rev Returned Chk | D15: Return Fee (Adj.Cr) | E15: -100
B16: 420500 | C16: Wtr Rev Other/Misc | D16: MIsc. Charge | E16: -419.47
D17: Misc. Credit | E17: 7346.96
D18: Move Out / Turn Off Fee | E18: -1350
B19: 420510 | C19: Wtr Rev Establish | D19: Initiation Fee | E19: -2225
D20: Connection Charge | E20: -950
A21: Silverleaf Sewer | B21: 430420 | C21: Wst Rev Late Payment | D21: Late Payment (Adj.Cr) | E21: 25.49
D22: LPC from invoicing | E22: -144.1
A23: Bolivar Sewer | B23: 420520 | C23: Wtr Rev Late Payment | D23: Late Payment (Adj.Cr) | E23: 940.65
D24: LPC from invoicing | E24: -8752.78
B25: 420500 | C25: Wtr Rev Other/Misc | D25: MIsc. Charge | E25: -40.89
D26: Misc. Credit | E26: 273.03
D27: Move Out / Turn Off Fee | E27: -1250
B28: 420510 | C28: Wtr Rev Establish | D28: After Hrs Connection Charge | E28: 50
D29: Initiation Fee | E29: -3325
D30: Connection Charge | E30: -500
A31: Bolivar Water | B31: 430420 | C31: Wst Rev Late Payment | D31: Late Payment (Adj.Cr) | E31: 728.16
D32: LPC from invoicing | E32: -10175.86
B33: 430410 | C33: Wst Rev Establish | D33: Initiation Fee | E33: -1375
B34: 430400 | C34: Wst Rev Other/Misc | D34: Misc. Credit | E34: 122.36
A35: Prairie Heights Sewer | B35: 430420 | C35: Wst Rev Late Payment | D35: LPC from invoicing | E35: -109.36
B36: 430410 | C36: Wst Rev Establish | D36: Initiation Fee | E36: -50
A37: Grand Total | E37: -41921.82
E38: =E37-TB!J27 -> -41921.82
A39: Footnotes:
A40: (1) Please note that the Company is still working towards full consolidation for GL Reporting
A42: Reviewed By: | B42: Kendra Billings
A43: Reviewed On: | B43: 45826

Sheet Tie Out
B2: 4AM_FICA_BILLING_QUERY
D4: Measures
D5: PostingMonth
B6: RegulatoryAccount | C6: Main-SubTrans | D6: NameofSubtransaction | J6: GL
J7: =RIGHT(D7,6)
J8: =RIGHT(D8,6)
J9: =RIGHT(D9,6)
J10: =RIGHT(D10,6)
J11: =RIGHT(D11,6)
J12: =RIGHT(D12,6)
J13: =RIGHT(D13,6)
J14: =RIGHT(D14,6)
J15: =RIGHT(D15,6)
J16: =RIGHT(D16,6)
J17: =RIGHT(D17,6)
J18: =RIGHT(D18,6)
... J20: =RIGHT(D20,6)
J21: =RIGHT(D21,6) | T21: =RIGHT(N21,6)
J22: =RIGHT(D22,6) | T22: =RIGHT(N22,6)
J23: =RIGHT(D23,6) | T23: =RIGHT(N23,6)
J24: =RIGHT(D24,6) | T24: =RIGHT(N24,6)
J25: =RIGHT(D25,6) | S25: =SUM(H8:H33) -> 0 | T25: Total
J26: =RIGHT(D26,6)
J27: =RIGHT(D27,6)
J28: =RIGHT(D28,6)
J29: =RIGHT(D29,6)
J30: =RIGHT(D30,6)
J31: =RIGHT(D31,6)
J32: =RIGHT(D32,6)
J33: =RIGHT(D33,6)
J34: =RIGHT(D34,6)
J35: =RIGHT(D35,6)
J36: =RIGHT(D36,6)
J37: =RIGHT(D37,6)
... J49: =RIGHT(D49,6)
I50: =SUM(I7:I49) -> 0 | J50: Total
B51: GL | C51: ZFICA | D51: Trial Balance | E51: Variance | F51: Ganesh Misc Detail Extract | G51: Variance
B52: 420500 | C52: =SUMIF($J$7:$J$49,B52,$I$7:$I$49) -> 0 | D52: =SUMIF(TB!$G$17:$G$26,'Tie Out'!B52,TB!$J$17:$J$26) -> 237.46 | E52: =C52-D52 -> -237.46 | F52: =SUMIF('Misc Detail_Old'!H:H,'Tie Out'!B52,'Misc Detail_Old'!M:M) -> 4559.63 | G52: =D52-F52 -> -4322.17
B53: 420510 | C53: =SUMIF($J$7:$J$49,B53,$I$7:$I$49) -> 0 | D53: =SUMIF(TB!$G$17:$G$26,'Tie Out'!B53,TB!$J$17:$J$26) -> -6275 | E53: =C53-D53 -> 6275 | F53: =SUMIF('Misc Detail_Old'!H:H,'Tie Out'!B53,'Misc Detail_Old'!M:M) -> -6950 | G53: =D53-F53 -> 675
B54: 420520 | C54: =SUMIF($J$7:$J$49,B54,$I$7:$I$49) -> 0 | D54: =SUMIF(TB!$G$17:$G$26,'Tie Out'!B54,TB!$J$17:$J$26) -> -46658.46 | E54: =C54-D54 -> 46658.46 | F54: =SUMIF('Misc Detail_Old'!H:H,'Tie Out'!B54,'Misc Detail_Old'!M:M) -> -27091.58 | G54: =D54-F54 -> -19566.88
B55: 420540 | C55: =SUMIF($J$7:$J$49,B55,$I$7:$I$49) -> 0 | D55: =SUMIF(TB!$G$17:$G$26,'Tie Out'!B55,TB!$J$17:$J$26) -> -225 | E55: =C55-D55 -> 225 | F55: =SUMIF('Misc Detail_Old'!H:H,'Tie Out'!B55,'Misc Detail_Old'!M:M) -> -100 | G55: =D55-F55 -> -125
B56: 430400 | C56: =SUMIF($J$7:$J$49,B56,$I$7:$I$49) -> 0 | D56: =SUMIF(TB!$G$17:$G$26,'Tie Out'!B56,TB!$J$17:$J$26) -> 29.26 | E56: =C56-D56 -> -29.26 | F56: =SUMIF('Misc Detail_Old'!H:H,'Tie Out'!B56,'Misc Detail_Old'!M:M) -> 127.36 | G56: =D56-F56 -> -98.1
B57: 430410 | C57: =SUMIF($J$7:$J$49,B57,$I$7:$I$49) -> 0 | D57: =SUMIF(TB!$G$17:$G$26,'Tie Out'!B57,TB!$J$17:$J$26) -> -275 | E57: =C57-D57 -> 275 | F57: =SUMIF('Misc Detail_Old'!H:H,'Tie Out'!B57,'Misc Detail_Old'!M:M) -> -1475 | G57: =D57-F57 -> 1200
B58: 430420 | C58: =SUMIF($J$7:$J$49,B58,$I$7:$I$49) -> 0 | D58: =SUMIF(TB!$G$17:$G$26,'Tie Out'!B58,TB!$J$17:$J$26) -> -20257.84 | E58: =C58-D58 -> 20257.84 | F58: =SUMIF('Misc Detail_Old'!H:H,'Tie Out'!B58,'Misc Detail_Old'!M:M) -> -10992.23 | G58: =D58-F58 -> -9265.61
B59: Total | C59: =SUM(C52:C58) -> 0 | D59: =SUM(D52:D58) -> -73424.58 | E59: =SUM(E52:E58) -> 73424.58 | F59: =SUM(F52:F58) -> -41921.82 | G59: =SUM(G52:G58) -> -31502.76

Sheet TB
A2: =_xll.SAPGetInfoLabel("DataSourceName") -> Data Source Name | B2: =_xll.SAPGetSourceInfo("DS_1", "DataSourceName") -> Trial Balance
A3: =_xll.SAPGetInfoLabel("LastDataUpdate") -> Last Data Update | B3: =_xll.SAPGetSourceInfo("DS_1", "LastDataUpdate") -> 46314.392
A4: =_xll.SAPGetInfoLabel("KeyDate") -> Key Date | B4: =_xll.SAPGetSourceInfo("DS_1", "KeyDate") -> 46314
A6: {=_xll.SAPListOfVariables("DS_1")} -> Ledger | B6: Leading Ledger
A7: Company Code | B7: LU (Missouri Water) LLC
A8: G/L Account | B8: Wtr Rev Other/Misc; Wtr Rev Establish; Wtr Rev Late Payment; Wtr Rev Returned Chk; Wst Rev Other/Misc; Wst Rev Establish; Wst Rev Late Payment
A9: Posting Date From | B9: 09/01/2026
A10: Posting Date To | B10: 09/30/2026 | C10: (AS) 10/21/26 - reviewed parameters
A11: Current Date (P_KeyDate) | B11: 10/19/2026
A12: Source Ledger | B12: Leading Ledger
A13: System Field USER | B13: LNICKOLAISE | G13: CS Entries only - does not show SA reclass adjustments | I13: (AS) 10/21/26 - noted
A14: Flow of Funds Ledger Fiscal Year | B14: 2026
A16: Company Code | B16: Company Code | C16: Regulatory Acc | D16: Regulatory Acc | E16: G/L Account | F16: G/L Account | G16: G/L Account | H16: Debit Balance in Company Code Currency | I16: Credit Balance in Company Code Currency | J16: Activity
A17: 3106 | B17: LU (Missouri Water) LLC | C17: 21471002 | D17: Establishment Fees | E17: OCOA/420510 | F17: Wtr Rev Establish | G17: 420510 | H17: 350 | I17: -6625 | J17: -6275
A18: 3106 | B18: LU (Missouri Water) LLC | C18: 21471003 | D18: Late Payment Fee | E18: OCOA/420520 | F18: Wtr Rev Late Payment | G18: 420520 | H18: 2100.74 | I18: -48759.2 | J18: -46658.46
A19: 3106 | B19: LU (Missouri Water) LLC | C19: 21471004 | D19: Returned Check Charge | E19: OCOA/420540 | F19: Wtr Rev Returned Chk | G19: 420540 | H19: 0 | I19: -225 | J19: -225
A20: 3106 | B20: LU (Missouri Water) LLC | C20: 21474000 | D20: Othr Wtr Rev-Othr OpRvs-NAW76 | E20: OCOA/420500 | F20: Wtr Rev Other/Misc | G20: 420500 | H20: 3673.27 | I20: -3435.81 | J20: 237.46
A21: 3106 | B21: LU (Missouri Water) LLC | C21: 22526002 | D21: Establishment Fees | E21: OCOA/430410 | F21: Wst Rev Establish | G21: 430410 | H21: 0 | I21: -275 | J21: -275
A22: 3106 | B22: LU (Missouri Water) LLC | C22: 22526003 | D22: Late Payment Fee | E22: OCOA/430420 | F22: Wst Rev Late Payment | G22: 430420 | H22: 400.92 | I22: -20658.76 | J22: -20257.84
A23: 3106 | B23: LU (Missouri Water) LLC | C23: 22536000 | D23: Misc OpRvs-Othr OpRvs-NAWW76 | E23: OCOA/430400 | F23: Wst Rev Other/Misc | G23: 430400 | H23: 29.26 | I23: 0 | J23: 29.26
A24: 3106 | B24: LU (Missouri Water) LLC | C24: 22999999 | D24: Default-NAWW76 | E24: OCOA/420520 | F24: Wtr Rev Late Payment | G24: 420520 | H24: 0 | I24: 0 | J24: 0
A25: Overall Result | H25: 6554.19 | I25: -79978.77 | J25: -73424.58

Sheet Main_Sub Desc
A1: HVORG | B1: TVORG | D1: Subtransaction
A2: 10 | B2: 10 | C2: =_xlfn.CONCAT(A2,"-",B2) -> 10-10 | D2: Dunning Charge (Stat)
A3: 10 | B3: 11 | C3: =_xlfn.CONCAT(A3,"-",B3) -> 10-11 | D3: Opt. In/Out Credit (AMI Meter)
A4: 10 | B4: 12 | C4: =_xlfn.CONCAT(A4,"-",B4) -> 10-12 | D4: Connect Chrg Seasonal (Adj.Cr)
A5: 10 | B5: 13 | C5: =_xlfn.CONCAT(A5,"-",B5) -> 10-13 | D5: Move Out / Turn Off Adj.Cr
A6: 10 | B6: 14 | C6: =_xlfn.CONCAT(A6,"-",B6) -> 10-14 | D6: DNP Reconnect Chrg (Adj.Cr)
A7: 10 | B7: 16 | C7: =_xlfn.CONCAT(A7,"-",B7) -> 10-16 | D7: Connection Credit
A8: 10 | B8: 18 | C8: =_xlfn.CONCAT(A8,"-",B8) -> 10-18 | D8: After Hrs Connection Credit
A9: 10 | B9: 20 | C9: =_xlfn.CONCAT(A9,"-",B9) -> 10-20 | D9: Dunning Charge (Real)
A10: 10 | B10: 21 | C10: =_xlfn.CONCAT(A10,"-",B10) -> 10-21 | D10: Opt. In/Out Fee (AMI Meter)
A11: 10 | B11: 22 | C11: =_xlfn.CONCAT(A11,"-",B11) -> 10-22 | D11: Connect Charges (Seasonal)
A12: 10 | B12: 23 | C12: =_xlfn.CONCAT(A12,"-",B12) -> 10-23 | D12: Move Out / Turn Off Fee
A13: 10 | B13: 24 | C13: =_xlfn.CONCAT(A13,"-",B13) -> 10-24 | D13: DNP Reconnect Charges(Regular)
... A17: 10 | B17: 32 | C17: =_xlfn.CONCAT(A17,"-",B17) -> 10-32 | D17: After Hrs Reconnection Credit
A18: 10 | B18: 34 | C18: =_xlfn.CONCAT(A18,"-",B18) -> 10-34 | D18: Initiation Credit | F18: 420500 | G18: Wtr Rev Other/Misc
A19: 10 | B19: 36 | C19: =_xlfn.CONCAT(A19,"-",B19) -> 10-36 | D19: Host Grp Net Metering Credit | F19: 420510 | G19: Wtr Rev Establish
A20: 10 | B20: 38 | C20: =_xlfn.CONCAT(A20,"-",B20) -> 10-38 | D20: Net Metering 2.0 Credit (Mkt) | F20: 420520 | G20: Wtr Rev Late Payment
A21: 10 | B21: 42 | C21: =_xlfn.CONCAT(A21,"-",B21) -> 10-42 | D21: After Hrs Reconnection Charge | F21: 420540 | G21: Wtr Rev Returned Chk
A22: 10 | B22: 44 | C22: =_xlfn.CONCAT(A22,"-",B22) -> 10-44 | D22: Initiation Fee | F22: 430400 | G22: Wst Rev Other/Misc
A23: 10 | B23: 46 | C23: =_xlfn.CONCAT(A23,"-",B23) -> 10-46 | D23: Host Grp Net Metering Charge | F23: 430410 | G23: Wst Rev Establish
A24: 10 | B24: 48 | C24: =_xlfn.CONCAT(A24,"-",B24) -> 10-48 | D24: Net Metering 2.0 Charge (Mkt) | F24: 430420 | G24: Wst Rev Late Payment
A25: 10 | B25: 50 | C25: =_xlfn.CONCAT(A25,"-",B25) -> 10-50 | D25: Late Payment (Adj.Cr)
A26: 10 | B26: 52 | C26: =_xlfn.CONCAT(A26,"-",B26) -> 10-52 | D26: After Hrs Low Income Con Cred
A27: 10 | B27: 54 | C27: =_xlfn.CONCAT(A27,"-",B27) -> 10-54 | D27: Low Income Reconnect Cred
A28: 10 | B28: 56 | C28: =_xlfn.CONCAT(A28,"-",B28) -> 10-56 | D28: Net Metering Credit
A29: 10 | B29: 58 | C29: =_xlfn.CONCAT(A29,"-",B29) -> 10-58 | D29: Marketer Intervl Use Data Cred
A30: 10 | B30: 60 | C30: =_xlfn.CONCAT(A30,"-",B30) -> 10-60 | D30: LPC from invoicing
A31: 10 | B31: 61 | C31: =_xlfn.CONCAT(A31,"-",B31) -> 10-61 | D31: LPC (Marketer) from invoicing
A32: 10 | B32: 62 | C32: =_xlfn.CONCAT(A32,"-",B32) -> 10-62 | D32: After Hrs Low Income Con Chrg
A33: 10 | B33: 64 | C33: =_xlfn.CONCAT(A33,"-",B33) -> 10-64 | D33: Low Income Reconnect Chrg
A34: 10 | B34: 66 | C34: =_xlfn.CONCAT(A34,"-",B34) -> 10-66 | D34: Net Metering Charge
A35: 10 | B35: 68 | C35: =_xlfn.CONCAT(A35,"-",B35) -> 10-68 | D35: Marketer Interval Use Data Fee
A36: 10 | B36: 74 | C36: =_xlfn.CONCAT(A36,"-",B36) -> 10-74 | D36: Low Income Reconnection Credit
... A65: 50 | B65: 120 | C65: =_xlfn.CONCAT(A65,"-",B65) -> 50-120 | D65: Budget billing request
A66: 51 | C66: =_xlfn.CONCAT(A66,"-",B66) -> 51- | D66: Budget Billing: Partial Bill
A67: 51 | B67: 1 | C67: =_xlfn.CONCAT(A67,"-",B67) -> 51-1 | D67: Credit for Partial Bill
A68: 51 | B68: 2 | C68: =_xlfn.CONCAT(A68,"-",B68) -> 51-2 | D68: Receivable for Partial Bill
A69: 51 | B69: 110 | C69: =_xlfn.CONCAT(A69,"-",B69) -> 51-110 | D69: Payment Request for Part. Bill
A70: 51 | B70: 120 | C70: =_xlfn.CONCAT(A70,"-",B70) -> 51-120 | D70: Request for Partial Bill
A71: 52 | C71: =_xlfn.CONCAT(A71,"-",B71) -> 52- | D71: Budget Billing: Payment Plan
A72: 52 | B72: 110 | C72: =_xlfn.CONCAT(A72,"-",B72) -> 52-110 | D72: Budget Billing Payment Info
A73: 52 | B73: 120 | C73: =_xlfn.CONCAT(A73,"-",B73) -> 52-120 | D73: Budget billing request
A74: 53 | B74: 10 | C74: =_xlfn.CONCAT(A74,"-",B74) -> 53-10 | D74: Budget Billing Payment
A75: 53 | B75: 30 | C75: =_xlfn.CONCAT(A75,"-",B75) -> 53-30 | D75: BB Payment: Transfer Posting
A76: 60 | B76: 10 | C76: =_xlfn.CONCAT(A76,"-",B76) -> 60-10 | D76: Payment on Account
A77: 60 | B77: 20 | C77: =_xlfn.CONCAT(A77,"-",B77) -> 60-20 | D77: Payment on Account
A78: 70 | B78: 10 | C78: =_xlfn.CONCAT(A78,"-",B78) -> 70-10 | D78: Return Fee (Adj.Cr)
A79: 70 | B79: 20 | C79: =_xlfn.CONCAT(A79,"-",B79) -> 70-20 | D79: Return Fee
A80: 71 | B80: 20 | C80: =_xlfn.CONCAT(A80,"-",B80) -> 71-20 | D80: Manual Return
A81: 75 | B81: 10 | C81: =_xlfn.CONCAT(A81,"-",B81) -> 75-10 | D81: Collective Bill Request
A82: 75 | B82: 11 | C82: =_xlfn.CONCAT(A82,"-",B82) -> 75-11 | D82: Collective Bill Request
A83: 75 | B83: 12 | C83: =_xlfn.CONCAT(A83,"-",B83) -> 75-12 | D83: Collective Bill: PartBill Req.
... A98: 85 | B98: 20 | C98: =_xlfn.CONCAT(A98,"-",B98) -> 85-20 | D98: Credit Memo for Payment
A99: 85 | B99: B010 | C99: =_xlfn.CONCAT(A99,"-",B99) -> 85-B010 | D99: Receivable (Repay. plan BTLN)
A100: 85 | B100: B011 | C100: =_xlfn.CONCAT(A100,"-",B100) -> 85-B011 | D100: Credit Memo for Payment-BTLN
A101: 85 | B101: B100 | C101: =_xlfn.CONCAT(A101,"-",B101) -> 85-B100 | D101: Rec.-Loan IP Line item - BTLN
A102: 85 | B102: E010 | C102: =_xlfn.CONCAT(A102,"-",B102) -> 85-E010 | D102: Receivable (Repay. plan ELEE)
A103: 85 | B103: E011 | C103: =_xlfn.CONCAT(A103,"-",B103) -> 85-E011 | D103: Credit Memo for Payment-ELEE
A104: 85 | B104: E100 | C104: =_xlfn.CONCAT(A104,"-",B104) -> 85-E100 | D104: Rec.-Loan IP Line item - ELEE
A105: 85 | B105: G010 | C105: =_xlfn.CONCAT(A105,"-",B105) -> 85-G010 | D105: Receivable (Repay. plan GSEE)
A106: 85 | B106: G011 | C106: =_xlfn.CONCAT(A106,"-",B106) -> 85-G011 | D106: Credit Memo for Payment-GSEE
A107: 85 | B107: G020 | C107: =_xlfn.CONCAT(A107,"-",B107) -> 85-G020 | D107: Receivable (Repay. plan GSLN)
A108: 85 | B108: G021 | C108: =_xlfn.CONCAT(A108,"-",B108) -> 85-G021 | D108: Credit Memo for Payment-GSLN
A109: 85 | B109: G100 | C109: =_xlfn.CONCAT(A109,"-",B109) -> 85-G100 | D109: Rec.-Loan IP Line item - GSEE
A110: 85 | B110: G200 | C110: =_xlfn.CONCAT(A110,"-",B110) -> 85-G200 | D110: Rec.-Loan IP Line item - GSLN
A111: 90 | B111: 10 | C111: =_xlfn.CONCAT(A111,"-",B111) -> 90-10 | D111: Receivable Write-Off
A112: 90 | B112: 20 | C112: =_xlfn.CONCAT(A112,"-",B112) -> 90-20 | D112: Credit Write-Off
A113: 95 | B113: 10 | C113: =_xlfn.CONCAT(A113,"-",B113) -> 95-10 | D113: Mass Write-Off of Receivables
A114: 95 | B114: 20 | C114: =_xlfn.CONCAT(A114,"-",B114) -> 95-20 | D114: Mass Write-Off of Credits
A115: 100 | B115: 10 | C115: =_xlfn.CONCAT(A115,"-",B115) -> 100-10 | D115: Consumption Billing Credit
A116: 100 | B116: 11 | C116: =_xlfn.CONCAT(A116,"-",B116) -> 100-11 | D116: Fixed Credit
A117: 100 | B117: 12 | C117: =_xlfn.CONCAT(A117,"-",B117) -> 100-12 | D117: Pass Through Credit
A118: 100 | B118: 13 | C118: =_xlfn.CONCAT(A118,"-",B118) -> 100-13 | D118: Usage Credit
A119: 100 | B119: 14 | C119: =_xlfn.CONCAT(A119,"-",B119) -> 100-14 | D119: Revenue Other
A120: 100 | B120: 15 | C120: =_xlfn.CONCAT(A120,"-",B120) -> 100-15 | D120: Revenue Discount
A121: 100 | B121: 16 | C121: =_xlfn.CONCAT(A121,"-",B121) -> 100-16 | D121: Imbalance Credit
A122: 100 | B122: 17 | C122: =_xlfn.CONCAT(A122,"-",B122) -> 100-17 | D122: Capacity Credit
... A167: 100 | B167: 73 | C167: =_xlfn.CONCAT(A167,"-",B167) -> 100-73 | D167: Passthrough Transport Sales
A168: 100 | B168: 74 | C168: =_xlfn.CONCAT(A168,"-",B168) -> 100-74
A169: 100 | B169: 75 | C169: =_xlfn.CONCAT(A169,"-",B169) -> 100-75 | D169: MARBA credit
A170: 100 | B170: 76 | C170: =_xlfn.CONCAT(A170,"-",B170) -> 100-76 | D170: SBEDR discount
A171: 100 | B171: 81 | C171: =_xlfn.CONCAT(A171,"-",B171) -> 100-81 | D171: Fixed Transport Sales
A172: 100 | B172: 82 | C172: =_xlfn.CONCAT(A172,"-",B172) -> 100-82 | D172: Usage Transport Sales
A173: 100 | B173: 83 | C173: =_xlfn.CONCAT(A173,"-",B173) -> 100-83 | D173: Passthrough Transport Sales
A174: 100 | B174: 84 | C174: =_xlfn.CONCAT(A174,"-",B174) -> 100-84
A175: 100 | B175: 85 | C175: =_xlfn.CONCAT(A175,"-",B175) -> 100-85 | D175: MARBA
A176: 100 | B176: 86 | C176: =_xlfn.CONCAT(A176,"-",B176) -> 100-86 | D176: SBEDR discount
A177: 100 | B177: 211 | C177: =_xlfn.CONCAT(A177,"-",B177) -> 100-211 | D177: California Lynwood Surcharge
A178: 100 | B178: 212 | C178: =_xlfn.CONCAT(A178,"-",B178) -> 100-212 | D178: California Compton Surcharge
A179: 100 | B179: 213 | C179: =_xlfn.CONCAT(A179,"-",B179) -> 100-213 | D179: California Norwalk Surcharge
A180: 100 | B180: 214 | C180: =_xlfn.CONCAT(A180,"-",B180) -> 100-214 | D180: CIS Customer Surcharge Other
A181: 100 | B181: 215 | C181: =_xlfn.CONCAT(A181,"-",B181) -> 100-215 | D181: CIS Customer Surcredit Other
A182: 100 | B182: 216 | C182: =_xlfn.CONCAT(A182,"-",B182) -> 100-216 | D182: ACC / TCEQ / CPUC Reg Credit
A183: 100 | B183: 217 | C183: =_xlfn.CONCAT(A183,"-",B183) -> 100-217 | D183: WW Effluent
A184: 100 | B184: 218 | C184: =_xlfn.CONCAT(A184,"-",B184) -> 100-218 | D184: Fed Universal Service Credit
A185: 100 | B185: 219 | C185: =_xlfn.CONCAT(A185,"-",B185) -> 100-219 | D185: Securitization Credit
A186: 100 | B186: 221 | C186: =_xlfn.CONCAT(A186,"-",B186) -> 100-221 | D186: California Lynwood Surcharge
... A214: 100 | B214: 260 | C214: =_xlfn.CONCAT(A214,"-",B214) -> 100-260 | D214: Facility Usage Charge
A215: 100 | B215: CF10 | C215: =_xlfn.CONCAT(A215,"-",B215) -> 100-CF10 | D215: Cellular Fee (Credit)
A216: 100 | B216: CF20 | C216: =_xlfn.CONCAT(A216,"-",B216) -> 100-CF20 | D216: Cellular Fee
...

Sheet PC Mapping
A1: Old PC | B1: Cl. | C1: CoCd | D1: Dv | E1: Service Area | F1: Profit Ctr | G1: Cost Ctr | H1: COact.asgn | I1: Valid From Date | J1: Valid To Date | L1: Profit Center | M1: Profit Center Description
A2: 10226 | B2: 100 | C2: 3106 | D2: 30 | E2: AURORA MO | F2: 10719 | G2: 1071995025 | H2: LU_MOEA | I2: 45717 | J2: 2958465 | L2: 10514 | M2: Bolivar Sewer
A3: 10233 | B3: 100 | C3: 3106 | D3: 30 | E3: BILYEU RIDGE MO | F3: 10719 | G3: 1071995014 | H3: LU_MOBIR | I3: 45717 | J3: 2958465 | L3: 10469 | M3: Bolivar Water
A4: 10228 | B4: 100 | C4: 3106 | D4: 30 | E4: CEDAR HILL ESTATES MO | F4: 10719 | G4: 1071995004 | H4: LU_MOKMC | I4: 45717 | J4: 2958465 | L4: 10719 | M4: All Other Water
A5: 10469 | B5: 100 | C5: 3106 | D5: 30 | E5: CITY OF BOLIVAR MO | F5: 10469 | G5: 1046995000 | H5: LU_MOCBW | I5: 45717 | J5: 2958465 | L5: 10720 | M5: All Other Sewer
A6: 10469 | B6: 100 | C6: 3106 | D6: 30 | E6: CITY OF BOLIVAR-SOUTH TOWN MO | F6: 10469 | G6: 1046995001 | H6: LU_MOCBWST | I6: 45717 | J6: 2958465 | L6: 10721 | M6: Silverleaf Sewer
A7: 10228 | B7: 100 | C7: 3106 | D7: 30 | E7: CRESTVIEW ACRES MO | F7: 10719 | G7: 1071995007 | H7: LU_MOKMR | I7: 45717 | J7: 2958465 | L7: 10636 | M7: Prairie Heights Sewer
A8: 10232 | B8: 100 | C8: 3106 | D8: 30 | E8: HIDDEN MEADOWS ESTATES MO | F8: 10719 | G8: 1071995013 | H8: LU_MOMLW | I8: 45717 | J8: 2958465
A9: 10228 | B9: 100 | C9: 3106 | D9: 30 | E9: HIGH RIDGE MANOR MO | F9: 10719 | G9: 1071995005 | H9: LU_MOKMH | I9: 45717 | J9: 2958465
A10: 10228 | B10: 100 | C10: 3106 | D10: 30 | E10: HILLSHIRE ACRES MO | F10: 10719 | G10: 1071995003 | H10: LU_MOKC | I10: 45717 | J10: 2958465
A11: 10230 | B11: 100 | C11: 3106 | D11: 30 | E11: HOLIDAY HILLS MO | F11: 10719 | G11: 1071995011 | H11: LU_MOHOH | I11: 45717 | J11: 2958465
A12: 10236 | B12: 100 | C12: 3106 | D12: 30 | E12: KISSEE MILLS MO | F12: 10719 | G12: 1071995021 | H12: LU_MOTL | I12: 45717 | J12: 2958465
A13: 10239 | B13: 100 | C13: 3106 | D13: 30 | E13: LAKE ST. CLAIR MO | F13: 10719 | G13: 1071995023 | H13: LU_MOFRC | I13: 45717 | J13: 2958465
A14: 10492 | B14: 100 | C14: 3106 | D14: 30 | E14: LAKELAND HEIGHTS MO | F14: 10719 | G14: 1071995028 | H14: LU_MOLAK | I14: 45717 | J14: 2958465
A15: 10228 | B15: 100 | C15: 3106 | D15: 30 | E15: LAKEWOOD HILLS MO | F15: 10719 | G15: 1071995008 | H15: LU_MOKML | I15: 45717 | J15: 2958465
A16: 10251 | B16: 100 | C16: 3106 | D16: 30 | E16: MARIONVILLE MO | F16: 10719 | G16: 1071995027 | H16: LU_MOEM | I16: 45717 | J16: 2958465
A17: 10234 | B17: 100 | C17: 3106 | D17: 30 | E17: MOORE BEND MO | F17: 10719 | G17: 1071995015 | H17: LU_MOMOB | I17: 45717 | J17: 2958465
A18: 10231 | B18: 100 | C18: 3106 | D18: 30 | E18: NOEL MO | F18: 10719 | G18: 1071995012 | H18: LU_MONW | I18: 45717 | J18: 2958465
A19: 10495 | B19: 100 | C19: 3106 | D19: 30 | E19: OAK BRIAR MO | F19: 10719 | G19: 1071995030 | H19: LU_MOOAB | I19: 45717 | J19: 2958465
... A39: 10238 | B39: 100 | C39: 3106 | D39: 40 | E39: VALLEY WOOD MO | F39: 10720 | G39: 1072095003 | H39: LU_MOVWS | I39: 45717 | J39: 2958465
A41: 10514 | F41: 10514
A42: 10469 | F42: 10469
A43: 10719 | F43: 10719
A44: 10720 | F44: 10720
A45: 10721 | F45: 10721
A46: 10636 | F46: 10636

Sheet Misc Detail_Old
A1: Provided By: Ganesh Chelamalla; CIS Integration Analyst
A2: Doc. No. | B2: Reconcil. Key | C2: DT | D2: OK | E2: Post. Date | F2: Rev. Doc. | G2: CoCd | H2: G/L acct | I2: Profit Ctr | J2: L | K2: Loc.curr.amount | L2: Crcy | M2: Amount | N2: Crcy | O2: Tx | P2: Tax Jur. | Q2: Doc. No.Profit Ctr | R2: CTyp | S2: Created By | T2: Entry Dte | U2: Tax Date | V2: Tax Base | W2: Crcy | X2: Orig.jurisdict. | Y2: Contract | Z2: Contract Account | AA2: Main Transaction | AB2: Subtransaction | AC2: Account determin. ID | AD2: Main/Sub | AE2: Line Item Description | AF2: GL Account Description | AG2: Profit Center | AH2: Profit Center Description
A3: 10535669707 | B3: 25175INV01AW | C3: FA | D3: R4 | E3: 45832 | F3: 52000480645 | G3: 3106 | H3: 420520 | I3: 10719 | J3: 0 | K3: -5 | M3: -5 | N3: USD | O3: O1 | P3: USMO6560526870 | Q3: 1053566970710719 | S3: BATCH_ID | T3: 45832 | U3: 45833 | V3: 0 | Y3: 3102244784 | Z3: 200016031672 | AA3: 0010 | AB3: 0060 | AC3: R1 | AD3: =CONCATENATE(VALUE(AA3),"-",VALUE(AB3)) -> 10-60 | AE3: =VLOOKUP(AD3,'Main_Sub Desc'!C:D,2,) -> LPC from invoicing | AF3: =VLOOKUP(VALUE(H3),'Main_Sub Desc'!F:G,2,) -> Wtr Rev Late Payment | AG3: =IFERROR(VLOOKUP(VALUE(I3),'PC Mapping'!A:F,6,),"") -> 10719 | AH3: =VLOOKUP(AG3,'PC Mapping'!L:M,2,) -> All Other Water
A4: 11200643865 | B4: 25162INV01AP | C4: FA | D4: R4 | E4: 45819 | F4: 52000481568 | G4: 3106 | H4: 430420 | I4: 10514 | J4: 0 | K4: -5 | M4: -5 | N4: USD | O4: O1 | P4: USMO6561328120 | Q4: 1120064386510514 | S4: BATCH_ID | T4: 45819 | U4: 45820 | V4: 0 | Y4: 3102042384 | Z4: 200015040104 | AA4: 0010 | AB4: 0060 | AC4: R1 | AD4: =CONCATENATE(VALUE(AA4),"-",VALUE(AB4)) -> 10-60 | AE4: =VLOOKUP(AD4,'Main_Sub Desc'!C:D,2,) -> LPC from invoicing | AF4: =VLOOKUP(VALUE(H4),'Main_Sub Desc'!F:G,2,) -> Wst Rev Late Payment | AG4: =IFERROR(VLOOKUP(VALUE(I4),'PC Mapping'!A:F,6,),"") -> 10514 | AH4: =VLOOKUP(AG4,'PC Mapping'!L:M,2,) -> Bolivar Sewer
A5: 11200643865 | B5: 25162INV01AP | C5: FA | D5: R4 | E5: 45819 | F5: 52000481568 | G5: 3106 | H5: 420520 | I5: 10469 | J5: 0 | K5: -5 | M5: -5 | N5: USD | O5: O1 | P5: USMO6561328120 | Q5: 1120064386510469 | S5: BATCH_ID | T5: 45819 | U5: 45820 | V5: 0 | Y5: 3102042383 | Z5: 200015040104 | AA5: 0010 | AB5: 0060 | AC5: R1 | AD5: =CONCATENATE(VALUE(AA5),"-",VALUE(AB5)) -> 10-60 | AE5: =VLOOKUP(AD5,'Main_Sub Desc'!C:D,2,) -> LPC from invoicing | AF5: =VLOOKUP(VALUE(H5),'Main_Sub Desc'!F:G,2,) -> Wtr Rev Late Payment | AG5: =IFERROR(VLOOKUP(VALUE(I5),'PC Mapping'!A:F,6,),"") -> 10469 | AH5: =VLOOKUP(AG5,'PC Mapping'!L:M,2,) -> Bolivar Water
A6: 11770599597 | B6: 25178INV01AJ | C6: FA | D6: R4 | E6: 45835 | F6: 52000480801 | G6: 3106 | H6: 420520 | I6: 10719 | J6: 0 | K6: -9.6 | M6: -9.6 | N6: USD | O6: O1 | P6: USMO6574096531 | Q6: 1177059959710719 | S6: BATCH_ID | T6: 45835 | U6: 45838 | V6: 0 | Y6: 3101582315 | Z6: 200014295006 | AA6: 0010 | AB6: 0060 | AC6: R1 | AD6: =CONCATENATE(VALUE(AA6),"-",VALUE(AB6)) -> 10-60 | AE6: =VLOOKUP(AD6,'Main_Sub Desc'!C:D,2,) -> LPC from invoicing | AF6: =VLOOKUP(VALUE(H6),'Main_Sub Desc'!F:G,2,) -> Wtr Rev Late Payment | AG6: =IFERROR(VLOOKUP(VALUE(I6),'PC Mapping'!A:F,6,),"") -> 10719 | AH6: =VLOOKUP(AG6,'PC Mapping'!L:M,2,) -> All Other Water
A7: 12625662574 | B7: 25181INV01BN | C7: FA | D7: R4 | E7: 45838 | G7: 3106 | H7: 430420 | I7: 10514 | J7: 0 | K7: -5 | M7: -5 | N7: USD | O7: O1 | P7: USMO6561333430 | Q7: 1262566257410514 | S7: BATCH_ID | T7: 45838 | U7: 45839 | V7: 0 | Y7: 3102256359 | Z7: 200016095644 | AA7: 0010 | AB7: 0060 | AC7: R1 | AD7: =CONCATENATE(VALUE(AA7),"-",VALUE(AB7)) -> 10-60 | AE7: =VLOOKUP(AD7,'Main_Sub Desc'!C:D,2,) -> LPC from invoicing | AF7: =VLOOKUP(VALUE(H7),'Main_Sub Desc'!F:G,2,) -> Wst Rev Late Payment | AG7: =IFERROR(VLOOKUP(VALUE(I7),'PC Mapping'!A:F,6,),"") -> 10514 | AH7: =VLOOKUP(AG7,'PC Mapping'!L:M,2,) -> Bolivar Sewer
A8: 12625662574 | B8: 25181INV01BN | C8: FA | D8: R4 | E8: 45838 | G8: 3106 | H8: 420520 | I8: 10469 | J8: 0 | K8: -5 | M8: -5 | N8: USD | O8: O1 | P8: USMO6561333430 | Q8: 1262566257410469 | S8: BATCH_ID | T8: 45838 | U8: 45839 | V8: 0 | Y8: 3102256358 | Z8: 200016095644 | AA8: 0010 | AB8: 0060 | AC8: R1 | AD8: =CONCATENATE(VALUE(AA8),"-",VALUE(AB8)) -> 10-60 | AE8: =VLOOKUP(AD8,'Main_Sub Desc'!C:D,2,) -> LPC from invoicing | AF8: =VLOOKUP(VALUE(H8),'Main_Sub Desc'!F:G,2,) -> Wtr Rev Late Payment | AG8: =IFERROR(VLOOKUP(VALUE(I8),'PC Mapping'!A:F,6,),"") -> 10469 | AH8: =VLOOKUP(AG8,'PC Mapping'!L:M,2,) -> Bolivar Water
A9: 13195654385 | B9: 25181INV01AY | C9: FA | D9: R4 | E9: 45838 | G9: 3106 | H9: 420520 | I9: 10469 | J9: 0 | K9: -5 | M9: -5 | N9: USD | O9: O1 | P9: USMO6561328910 | Q9: 1319565438510469 | S9: BATCH_ID | T9: 45838 | U9: 45839 | V9: 0 | Y9: 3102330753 | Z9: 200016467926 | AA9: 0010 | AB9: 0060 | AC9: R1 | AD9: =CONCATENATE(VALUE(AA9),"-",VALUE(AB9)) -> 10-60 | AE9: =VLOOKUP(AD9,'Main_Sub Desc'!C:D,2,) -> LPC from invoicing | AF9: =VLOOKUP(VALUE(H9),'Main_Sub Desc'!F:G,2,) -> Wtr Rev Late Payment | AG9: =IFERROR(VLOOKUP(VALUE(I9),'PC Mapping'!A:F,6,),"") -> 10469 | AH9: =VLOOKUP(AG9,'PC Mapping'!L:M,2,) -> Bolivar Water
A10: 13670652227 | B10: 25181INV01BE | C10: FA | D10: R4 | E10: 45838 | G10: 3106 | H10: 420520 | I10: 10719 | J10: 0 | K10: -5 | M10: -5 | N10: USD | O10: O1 | P10: USMO6574094551 | Q10: 1367065222710719 | S10: BATCH_ID | T10: 45838 | U10: 45839 | V10: 0 | Y10: 3102291204 | Z10: 200016270346 | AA10: 0010 | AB10: 0060 | AC10: R1 | AD10: =CONCATENATE(VALUE(AA10),"-",VALUE(AB10)) -> 10-60 | AE10: =VLOOKUP(AD10,'Main_Sub Desc'!C:D,2,) -> LPC from invoicing | AF10: =VLOOKUP(VALUE(H10),'Main_Sub Desc'!F:G,2,) -> Wtr Rev Late Payment | AG10: =IFERROR(VLOOKUP(VALUE(I10),'PC Mapping'!A:F,6,),"") -> 10719 | AH10: =VLOOKUP(AG10,'PC Mapping'!L:M,2,) -> All Other Water
A11: 14525647224 | B11: 25181INV01BD | C11: FA | D11: R4 | E11: 45838 | G11: 3106 | H11: 420520 | I11: 10469 | J11: 0 | K11: -5 | M11: -5 | N11: USD | O11: O1 | P11: USMO6561329830 | Q11: 1452564722410469 | S11: BATCH_ID | T11: 45838 | U11: 45839 | V11: 0 | Y11: 3102322690 | Z11: 200016427094 | AA11: 0010 | AB11: 0060 | AC11: R1 | AD11: =CONCATENATE(VALUE(AA11),"-",VALUE(AB11)) -> 10-60 | AE11: =VLOOKUP(AD11,'Main_Sub Desc'!C:D,2,) -> LPC from invoicing | AF11: =VLOOKUP(VALUE(H11),'Main_Sub Desc'!F:G,2,) -> Wtr Rev Late Payment | AG11: =IFERROR(VLOOKUP(VALUE(I11),'PC Mapping'!A:F,6,),"") -> 10469 | AH11: =VLOOKUP(AG11,'PC Mapping'!L:M,2,) -> Bolivar Water
A12: 14810639803 | B12: 25181INV01AG | C12: FA | D12: R4 | E12: 45838 | G12: 3106 | H12: 420520 | I12: 10469 | J12: 0 | K12: -5 | M12: -5 | N12: USD | O12: O1 | P12: USMO6561328330 | Q12: 1481063980310469 | S12: BATCH_ID | T12: 45838 | U12: 45839 | V12: 0 | Y12: 3101545017 | Z12: 200013598244 | AA12: 0010 | AB12: 0060 | AC12: R1 | AD12: =CONCATENATE(VALUE(AA12),"-",VALUE(AB12)) -> 10-60 | AE12: =VLOOKUP(AD12,'Main_Sub Desc'!C:D,2,) -> LPC from invoicing | AF12: =VLOOKUP(VALUE(H12),'Main_Sub Desc'!F:G,2,) -> Wtr Rev Late Payment | AG12: =IFERROR(VLOOKUP(VALUE(I12),'PC Mapping'!A:F,6,),"") -> 10469 | AH12: =VLOOKUP(AG12,'PC Mapping'!L:M,2,) -> Bolivar Water
A13: 14810639803 | B13: 25181INV01AG | C13: FA | D13: R4 | E13: 45838 | G13: 3106 | H13: 430420 | I13: 10514 | J13: 0 | K13: -5 | M13: -5 | N13: USD | O13: O1 | P13: USMO6561328330 | Q13: 1481063980310514 | S13: BATCH_ID | T13: 45838 | U13: 45839 | V13: 0 | Y13: 3101544921 | Z13: 200013598244 | AA13: 0010 | AB13: 0060 | AC13: R1 | AD13: =CONCATENATE(VALUE(AA13),"-",VALUE(AB13)) -> 10-60 | AE13: =VLOOKUP(AD13,'Main_Sub Desc'!C:D,2,) -> LPC from invoicing | AF13: =VLOOKUP(VALUE(H13),'Main_Sub Desc'!F:G,2,) -> Wst Rev Late Payment | AG13: =IFERROR(VLOOKUP(VALUE(I13),'PC Mapping'!A:F,6,),"") -> 10514 | AH13: =VLOOKUP(AG13,'PC Mapping'!L:M,2,) -> Bolivar Sewer
A14: 10001652163 | B14: R4-250601-00 | C14: FA | D14: R4 | E14: 45809 | G14: 3106 | H14: 420520 | I14: 10469 | J14: 0 | K14: -34.99 | M14: -34.99 | N14: USD | O14: O1 | P14: USMO6561316080 | Q14: 1000165216310469 | S14: MBOLICK | T14: 45809 | U14: 45810 | V14: 0 | Y14: 3101692202 | Z14: 200013164104 | AA14: 0010 | AB14: 0060 | AC14: R1 | AD14: =CONCATENATE(VALUE(AA14),"-",VALUE(AB14)) -> 10-60 | AE14: =VLOOKUP(AD14,'Main_Sub Desc'!C:D,2,) -> LPC from invoicing | AF14: =VLOOKUP(VALUE(H14),'Main_Sub Desc'!F:G,2,) -> Wtr Rev Late Payment | AG14: =IFERROR(VLOOKUP(VALUE(I14),'PC Mapping'!A:F,6,),"") -> 10469 | AH14: =VLOOKUP(AG14,'PC Mapping'!L:M,2,) -> Bolivar Water
A15: 10001652163 | B15: R4-250601-00 | C15: FA | D15: R4 | E15: 45809 | G15: 3106 | H15: 430420 | I15: 10514 | J15: 0 | K15: -42.31 | M15: -42.31 | N15: USD | O15: O1 | P15: USMO6561316080 | Q15: 1000165216310514 | S15: MBOLICK | T15: 45809 | U15: 45810 | V15: 0 | Y15: 3101692283 | Z15: 200013164104 | AA15: 0010 | AB15: 0060 | AC15: R1 | AD15: =CONCATENATE(VALUE(AA15),"-",VALUE(AB15)) -> 10-60 | AE15: =VLOOKUP(AD15,'Main_Sub Desc'!C:D,2,) -> LPC from invoicing | AF15: =VLOOKUP(VALUE(H15),'Main_Sub Desc'!F:G,2,) -> Wst Rev Late Payment | AG15: =IFERROR(VLOOKUP(VALUE(I15),'PC Mapping'!A:F,6,),"") -> 10514 | AH15: =VLOOKUP(AG15,'PC Mapping'!L:M,2,) -> Bolivar Sewer
A16: 10001652166 | B16: R4-250601-00 | C16: FA | D16: R4 | E16: 45809 | G16: 3106 | H16: 420520 | I16: 10469 | J16: 0 | K16: -34.99 | M16: -34.99 | N16: USD | O16: O1 | P16: USMO6561316080 | Q16: 1000165216610469 | S16: MBOLICK | T16: 45809 | U16: 45810 | V16: 0 | Y16: 3101692202 | Z16: 200013164104 | AA16: 0010 | AB16: 0060 | AC16: R1 | AD16: =CONCATENATE(VALUE(AA16),"-",VALUE(AB16)) -> 10-60 | AE16: =VLOOKUP(AD16,'Main_Sub Desc'!C:D,2,) -> LPC from invoicing | AF16: =VLOOKUP(VALUE(H16),'Main_Sub Desc'!F:G,2,) -> Wtr Rev Late Payment | AG16: =IFERROR(VLOOKUP(VALUE(I16),'PC Mapping'!A:F,6,),"") -> 10469 | AH16: =VLOOKUP(AG16,'PC Mapping'!L:M,2,) -> Bolivar Water
A17: 10001652166 | B17: R4-250601-00 | C17: FA | D17: R4 | E17: 45809 | G17: 3106 | H17: 430420 | I17: 10514 | J17: 0 | K17: -42.31 | M17: -42.31 | N17: USD | O17: O1 | P17: USMO6561316080 | Q17: 1000165216610514 | S17: MBOLICK | T17: 45809 | U17: 45810 | V17: 0 | Y17: 3101692283 | Z17: 200013164104 | AA17: 0010 | AB17: 0060 | AC17: R1 | AD17: =CONCATENATE(VALUE(AA17),"-",VALUE(AB17)) -> 10-60 | AE17: =VLOOKUP(AD17,'Main_Sub Desc'!C:D,2,) -> LPC from invoicing | AF17: =VLOOKUP(VALUE(H17),'Main_Sub Desc'!F:G,2,) -> Wst Rev Late Payment | AG17: =IFERROR(VLOOKUP(VALUE(I17),'PC Mapping'!A:F,6,),"") -> 10514 | AH17: =VLOOKUP(AG17,'PC Mapping'!L:M,2,) -> Bolivar Sewer
A18: 10001652170 | B18: R4-250601-00 | C18: FA | D18: R4 | E18: 45809 | G18: 3106 | H18: 420520 | I18: 10469 | J18: 0 | K18: -5 | M18: -5 | N18: USD | O18: O1 | P18: USMO6561316100 | Q18: 1000165217010469 | S18: MBOLICK | T18: 45809 | U18: 45810 | V18: 0 | Y18: 3101579759 | Z18: 200013350398 | AA18: 0010 | AB18: 0060 | AC18: R1 | AD18: =CONCATENATE(VALUE(AA18),"-",VALUE(AB18)) -> 10-60 | AE18: =VLOOKUP(AD18,'Main_Sub Desc'!C:D,2,) -> LPC from invoicing | AF18: =VLOOKUP(VALUE(H18),'Main_Sub Desc'!F:G,2,) -> Wtr Rev Late Payment | AG18: =IFERROR(VLOOKUP(VALUE(I18),'PC Mapping'!A:F,6,),"") -> 10469 | AH18: =VLOOKUP(AG18,'PC Mapping'!L:M,2,) -> Bolivar Water
... A47: 10001652434 | B47: R4-250602-00 | C47: FA | D47: R4 | E47: 45810 | G47: 3106 | H47: 430420 | I47: 10514 | J47: 0 | K47: -5 | M47: -5 | N47: USD | O47: O1 | P47: USMO6561333130 | Q47: 1000165243410514 | S47: TROSS2 | T47: 45810 | U47: 45811 | V47: 0 | Y47: 3102063965 | Z47: 200015139872 | AA47: 0010 | AB47: 0060 | AC47: R1 | AD47: =CONCATENATE(VALUE(AA47),"-",VALUE(AB47)) -> 10-60 | AE47: =VLOOKUP(AD47,'Main_Sub Desc'!C:D,2,) -> LPC from invoicing | AF47: =VLOOKUP(VALUE(H47),'Main_Sub Desc'!F:G,2,) -> Wst Rev Late Payment | AG47: =IFERROR(VLOOKUP(VALUE(I47),'PC Mapping'!A:F,6,),"") -> 10514 | AH47: =VLOOKUP(AG47,'PC Mapping'!L:M,2,) -> Bolivar Sewer
A48: 10001652490 | B48: R4-250602-00 | C48: FA | D48: R4 | E48: 45810 | F48: 52000469095 | G48: 3106 | H48: 430420 | I48: 10514 | J48: 0 | K48: -5 | M48: -5 | N48: USD | O48: O1 | P48: USMO6561360230 | Q48: 1000165249010514 | S48: SLONERO | T48: 45810 | U48: 45811 | V48: 0 | Y48: 3102266883 | Z48: 200016150084 | AA48: 0010 | AB48: 0060 | AC48: R1 | AD48: =CONCATENATE(VALUE(AA48),"-",VALUE(AB48)) -> 10-60 | AE48: =VLOOKUP(AD48,'Main_Sub Desc'!C:D,2,) -> LPC from invoicing | AF48: =VLOOKUP(VALUE(H48),'Main_Sub Desc'!F:G,2,) -> Wst Rev Late Payment | AG48: =IFERROR(VLOOKUP(VALUE(I48),'PC Mapping'!A:F,6,),"") -> 10514 | AH48: =VLOOKUP(AG48,'PC Mapping'!L:M,2,) -> Bolivar Sewer
A49: 10001652490 | B49: R4-250602-00 | C49: FA | D49: R4 | E49: 45810 | F49: 52000469095 | G49: 3106 | H49: 420520 | I49: 10469 | J49: 0 | K49: -5 | M49: -5 | N49: USD | O49: O1 | P49: USMO6561360230 | Q49: 1000165249010469 | S49: SLONERO | T49: 45810 | U49: 45811 | V49: 0 | Y49: 3102266882 | Z49: 200016150084 | AA49: 0010 | AB49: 0060 | AC49: R1 | AD49: =CONCATENATE(VALUE(AA49),"-",VALUE(AB49)) -> 10-60 | AE49: =VLOOKUP(AD49,'Main_Sub Desc'!C:D,2,) -> LPC from invoicing | AF49: =VLOOKUP(VALUE(H49),'Main_Sub Desc'!F:G,2,) -> Wtr Rev Late Payment | AG49: =IFERROR(VLOOKUP(VALUE(I49),'PC Mapping'!A:F,6,),"") -> 10469 | AH49: =VLOOKUP(AG49,'PC Mapping'!L:M,2,) -> Bolivar Water
A50: 10001652955 | B50: R4-250602-00 | C50: FA | D50: R4 | E50: 45810 | G50: 3106 | H50: 420520 | I50: 10469 | J50: 0 | K50: -5 | M50: -5 | N50: USD | O50: O1 | P50: USMO6561333660 | Q50: 1000165295510469 | S50: LJOHNSON3 | T50: 45810 | U50: 45811 | V50: 0 | Y50: 3102265362 | Z50: 200016139293 | AA50: 0010 | AB50: 0060 | AC50: R1 | AD50: =CONCATENATE(VALUE(AA50),"-",VALUE(AB50)) -> 10-60 | AE50: =VLOOKUP(AD50,'Main_Sub Desc'!C:D,2,) -> LPC from invoicing | AF50: =VLOOKUP(VALUE(H50),'Main_Sub Desc'!F:G,2,) -> Wtr Rev Late Payment | AG50: =IFERROR(VLOOKUP(VALUE(I50),'PC Mapping'!A:F,6,),"") -> 10469 | AH50: =VLOOKUP(AG50,'PC Mapping'!L:M,2,) -> Bolivar Water
A51: 10001652955 | B51: R4-250602-00 | C51: FA | D51: R4 | E51: 45810 | G51: 3106 | H51: 430420 | I51: 10514 | J51: 0 | K51: -5 | M51: -5 | N51: USD | O51: O1 | P51: USMO6561333660 | Q51: 1000165295510514 | S51: LJOHNSON3 | T51: 45810 | U51: 45811 | V51: 0 | Y51: 3102265363 | Z51: 200016139293 | AA51: 0010 | AB51: 0060 | AC51: R1 | AD51: =CONCATENATE(VALUE(AA51),"-",VALUE(AB51)) -> 10-60 | AE51: =VLOOKUP(AD51,'Main_Sub Desc'!C:D,2,) -> LPC from invoicing | AF51: =VLOOKUP(VALUE(H51),'Main_Sub Desc'!F:G,2,) -> Wst Rev Late Payment | AG51: =IFERROR(VLOOKUP(VALUE(I51),'PC Mapping'!A:F,6,),"") -> 10514 | AH51: =VLOOKUP(AG51,'PC Mapping'!L:M,2,) -> Bolivar Sewer
A52: 10001653020 | B52: R4-250602-00 | C52: FA | D52: R4 | E52: 45810 | G52: 3106 | H52: 430420 | I52: 10514 | J52: 0 | K52: -5 | M52: -5 | N52: USD | O52: O1 | P52: USMO6561333790 | Q52: 1000165302010514 | S52: TROSS2 | T52: 45810 | U52: 45811 | V52: 0 | Y52: 3101621165 | Z52: 200014111765 | AA52: 0010 | AB52: 0060 | AC52: C1 | AD52: =CONCATENATE(VALUE(AA52),"-",VALUE(AB52)) -> 10-60 | AE52: =VLOOKUP(AD52,'Main_Sub Desc'!C:D,2,) -> LPC from invoicing | AF52: =VLOOKUP(VALUE(H52),'Main_Sub Desc'!F:G,2,) -> Wst Rev Late Payment | AG52: =IFERROR(VLOOKUP(VALUE(I52),'PC Mapping'!A:F,6,),"") -> 10514 | AH52: =VLOOKUP(AG52,'PC Mapping'!L:M,2,) -> Bolivar Sewer
A53: 10001653181 | B53: R4-250603-00 | C53: FA | D53: R4 | E53: 45810 | G53: 3106 | H53: 430420 | I53: 10720 | J53: 0 | K53: -80.71 | M53: -80.71 | N53: USD | O53: O1 | P53: USMO6375541350 | Q53: 1000165318110720 | S53: ESCHOENBERG | T53: 45811 | U53: 45811 | V53: 0 | Y53: 3101227411 | Z53: 200010115497 | AA53: 0010 | AB53: 0060 | AC53: R1 | AD53: =CONCATENATE(VALUE(AA53),"-",VALUE(AB53)) -> 10-60 | AE53: =VLOOKUP(AD53,'Main_Sub Desc'!C:D,2,) -> LPC from invoicing | AF53: =VLOOKUP(VALUE(H53),'Main_Sub Desc'!F:G,2,) -> Wst Rev Late Payment | AG53: =IFERROR(VLOOKUP(VALUE(I53),'PC Mapping'!A:F,6,),"") -> 10720 | AH53: =VLOOKUP(AG53,'PC Mapping'!L:M,2,) -> All Other Sewer
A54: 10001653201 | B54: R4-250603-00 | C54: FA | D54: R4 | E54: 45811 | G54: 3106 | H54: 420520 | I54: 10469 | J54: 0 | K54: -5 | M54: -5 | N54: USD | O54: O1 | P54: USMO6561333790 | Q54: 1000165320110469 | S54: LDAWSON | T54: 45811 | U54: 45812 | V54: 0 | Y54: 3101621552 | Z54: 200013895020 | AA54: 0010 | AB54: 0060 | AC54: C1 | AD54: =CONCATENATE(VALUE(AA54),"-",VALUE(AB54)) -> 10-60 | AE54: =VLOOKUP(AD54,'Main_Sub Desc'!C:D,2,) -> LPC from invoicing | AF54: =VLOOKUP(VALUE(H54),'Main_Sub Desc'!F:G,2,) -> Wtr Rev Late Payment | AG54: =IFERROR(VLOOKUP(VALUE(I54),'PC Mapping'!A:F,6,),"") -> 10469 | AH54: =VLOOKUP(AG54,'PC Mapping'!L:M,2,) -> Bolivar Water
A55: 10001653264 | B55: R4-250603-00 | C55: FA | D55: R4 | E55: 45810 | G55: 3106 | H55: 420520 | I55: 10719 | J55: 0 | K55: -25.86 | M55: -25.86 | N55: USD | O55: O1 | P55: USMO6560584430 | Q55: 1000165326410719 | S55: SLONERO | T55: 45811 | U55: 45811 | V55: 0 | Y55: 3101489466 | Z55: 200012458507 | AA55: 0010 | AB55: 0060 | AC55: C1 | AD55: =CONCATENATE(VALUE(AA55),"-",VALUE(AB55)) -> 10-60 | AE55: =VLOOKUP(AD55,'Main_Sub Desc'!C:D,2,) -> LPC from invoicing | AF55: =VLOOKUP(VALUE(H55),'Main_Sub Desc'!F:G,2,) -> Wtr Rev Late Payment | AG55: =IFERROR(VLOOKUP(VALUE(I55),'PC Mapping'!A:F,6,),"") -> 10719 | AH55: =VLOOKUP(AG55,'PC Mapping'!L:M,2,) -> All Other Water
A56: 10001653293 | B56: R4-250603-00 | C56: FA | D56: R4 | E56: 45810 | G56: 3106 | H56: 420520 | I56: 10719 | J56: 0 | K56: -165.77 | M56: -165.77 | N56: USD | O56: O1 | P56: USMO6576981690 | Q56: 1000165329310719 | S56: SLONERO | T56: 45811 | U56: 45811 | V56: 0 | Y56: 3101553151 | Z56: 200013829508 | AA56: 0010 | AB56: 0060 | AC56: I1 | AD56: =CONCATENATE(VALUE(AA56),"-",VALUE(AB56)) -> 10-60 | AE56: =VLOOKUP(AD56,'Main_Sub Desc'!C:D,2,) -> LPC from invoicing | AF56: =VLOOKUP(VALUE(H56),'Main_Sub Desc'!F:G,2,) -> Wtr Rev Late Payment | AG56: =IFERROR(VLOOKUP(VALUE(I56),'PC Mapping'!A:F,6,),"") -> 10719 | AH56: =VLOOKUP(AG56,'PC Mapping'!L:M,2,) -> All Other Water
A57: 10001653305 | B57: R4-250603-00 | C57: FA | D57: R4 | E57: 45810 | G57: 3106 | H57: 420520 | I57: 10719 | J57: 0 | K57: -71.76 | M57: -71.76 | N57: USD | O57: O1 | P57: USMO6576973520 | Q57: 1000165330510719 | S57: SLONERO | T57: 45811 | U57: 45811 | V57: 0 | Y57: 3101592590 | Z57: 200012776643 | AA57: 0010 | AB57: 0060 | AC57: I1 | AD57: =CONCATENATE(VALUE(AA57),"-",VALUE(AB57)) -> 10-60 | AE57: =VLOOKUP(AD57,'Main_Sub Desc'!C:D,2,) -> LPC from invoicing | AF57: =VLOOKUP(VALUE(H57),'Main_Sub Desc'!F:G,2,) -> Wtr Rev Late Payment | AG57: =IFERROR(VLOOKUP(VALUE(I57),'PC Mapping'!A:F,6,),"") -> 10719 | AH57: =VLOOKUP(AG57,'PC Mapping'!L:M,2,) -> All Other Water
A58: 10001653391 | B58: R4-250603-00 | C58: FA | D58: R4 | E58: 45810 | G58: 3106 | H58: 420520 | I58: 10719 | J58: 0 | K58: -9.92 | M58: -9.92 | N58: USD | O58: O1 | P58: USMO6485492210 | Q58: 1000165339110719 | S58: SLONERO | T58: 45811 | U58: 45811 | V58: 0 | Y58: 3101496800 | Z58: 200013607201 | AA58: 0010 | AB58: 0060 | AC58: C1 | AD58: =CONCATENATE(VALUE(AA58),"-",VALUE(AB58)) -> 10-60 | AE58: =VLOOKUP(AD58,'Main_Sub Desc'!C:D,2,) -> LPC from invoicing | AF58: =VLOOKUP(VALUE(H58),'Main_Sub Desc'!F:G,2,) -> Wtr Rev Late Payment | AG58: =IFERROR(VLOOKUP(VALUE(I58),'PC Mapping'!A:F,6,),"") -> 10719 | AH58: =VLOOKUP(AG58,'PC Mapping'!L:M,2,) -> All Other Water
A59: 10001653407 | B59: R4-250603-00 | C59: FA | D59: R4 | E59: 45810 | G59: 3106 | H59: 420520 | I59: 10719 | J59: 0 | K59: -128.74 | M59: -128.74 | N59: USD | O59: O1 | P59: USMO6560527170 | Q59: 1000165340710719 | S59: SLONERO | T59: 45811 | U59: 45811 | V59: 0 | Y59: 3101680269 | Z59: 200011726185 | AA59: 0010 | AB59: 0060 | AC59: C1 | AD59: =CONCATENATE(VALUE(AA59),"-",VALUE(AB59)) -> 10-60 | AE59: =VLOOKUP(AD59,'Main_Sub Desc'!C:D,2,) -> LPC from invoicing | AF59: =VLOOKUP(VALUE(H59),'Main_Sub Desc'!F:G,2,) -> Wtr Rev Late Payment | AG59: =IFERROR(VLOOKUP(VALUE(I59),'PC Mapping'!A:F,6,),"") -> 10719 | AH59: =VLOOKUP(AG59,'PC Mapping'!L:M,2,) -> All Other Water
A60: 10001653432 | B60: R4-250603-00 | C60: FA | D60: R4 | E60: 45810 | G60: 3106 | H60: 420520 | I60: 10719 | J60: 0 | K60: -20.38 | M60: -20.38 | N60: USD | O60: O1 | P60: USMO6576981680 | Q60: 1000165343210719 | S60: SLONERO | T60: 45811 | U60: 45811 | V60: 0 | Y60: 3101672475 | Z60: 200013829920 | AA60: 0010 | AB60: 0060 | AC60: I1 | AD60: =CONCATENATE(VALUE(AA60),"-",VALUE(AB60)) -> 10-60 | AE60: =VLOOKUP(AD60,'Main_Sub Desc'!C:D,2,) -> LPC from invoicing | AF60: =VLOOKUP(VALUE(H60),'Main_Sub Desc'!F:G,2,) -> Wtr Rev Late Payment | AG60: =IFERROR(VLOOKUP(VALUE(I60),'PC Mapping'!A:F,6,),"") -> 10719 | AH60: =VLOOKUP(AG60,'PC Mapping'!L:M,2,) -> All Other Water
A61: 10001653436 | B61: R4-250603-00 | C61: FA | D61: R4 | E61: 45810 | G61: 3106 | H61: 420520 | I61: 10719 | J61: 0 | K61: -15.93 | M61: -15.93 | N61: USD | O61: O1 | P61: USMO6560513250 | Q61: 1000165343610719 | S61: SLONERO | T61: 45811 | U61: 45811 | V61: 0 | Y61: 3101518610 | Z61: 200012458424 | AA61: 0010 | AB61: 0060 | AC61: C1 | AD61: =CONCATENATE(VALUE(AA61),"-",VALUE(AB61)) -> 10-60 | AE61: =VLOOKUP(AD61,'Main_Sub Desc'!C:D,2,) -> LPC from invoicing | AF61: =VLOOKUP(VALUE(H61),'Main_Sub Desc'!F:G,2,) -> Wtr Rev Late Payment | AG61: =IFERROR(VLOOKUP(VALUE(I61),'PC Mapping'!A:F,6,),"") -> 10719 | AH61: =VLOOKUP(AG61,'PC Mapping'!L:M,2,) -> All Other Water
... A155: 10001654888 | B155: R4-250603-00 | C155: FA | D155: R4 | E155: 45811 | G155: 3106 | H155: 430420 | I155: 10514 | J155: 0 | K155: -5 | M155: -5 | N155: USD | O155: O1 | P155: USMO6561316710 | Q155: 1000165488810514 | S155: TROSS2 | T155: 45811 | U155: 45812 | V155: 0 | Y155: 3101599604 | Z155: 200013618141 | AA155: 0010 | AB155: 0060 | AC155: R1 | AD155: =CONCATENATE(VALUE(AA155),"-",VALUE(AB155)) -> 10-60 | AE155: =VLOOKUP(AD155,'Main_Sub Desc'!C:D,2,) -> LPC from invoicing | AF155: =VLOOKUP(VALUE(H155),'Main_Sub Desc'!F:G,2,) -> Wst Rev Late Payment | AG155: =IFERROR(VLOOKUP(VALUE(I155),'PC Mapping'!A:F,6,),"") -> 10514 | AH155: =VLOOKUP(AG155,'PC Mapping'!L:M,2,) -> Bolivar Sewer
A156: 10001654932 | B156: R4-250603-00 | C156: FA | D156: R4 | E156: 45811 | F156: 10001656806 | G156: 3106 | H156: 420520 | I156: 10469 | J156: 0 | K156: -5 | M156: -5 | N156: USD | O156: O1 | P156: USMO6561311240 | Q156: 1000165493210469 | S156: TROSS2 | T156: 45811 | U156: 45812 | V156: 0 | Y156: 3102277310 | Z156: 200016201531 | AA156: 0010 | AB156: 0060 | AC156: R1 | AD156: =CONCATENATE(VALUE(AA156),"-",VALUE(AB156)) -> 10-60 | AE156: =VLOOKUP(AD156,'Main_Sub Desc'!C:D,2,) -> LPC from invoicing | AF156: =VLOOKUP(VALUE(H156),'Main_Sub Desc'!F:G,2,) -> Wtr Rev Late Payment | AG156: =IFERROR(VLOOKUP(VALUE(I156),'PC Mapping'!A:F,6,),"") -> 10469 | AH156: =VLOOKUP(AG156,'PC Mapping'!L:M,2,) -> Bolivar Water
A157: 10001655222 | B157: R4-250604-00 | C157: FA | D157: R4 | E157: 45811 | G157: 3106 | H157: 420520 | I157: 10719 | J157: 0 | K157: -13.27 | M157: -13.27 | N157: USD | O157: O1 | P157: USMO6560519960 | Q157: 1000165522210719 | S157: SLONERO | T157: 45812 | U157: 45812 | V157: 0 | Y157: 3101683262 | Z157: 200012562498 | AA157: 0010 | AB157: 0060 | AC157: C1 | AD157: =CONCATENATE(VALUE(AA157),"-",VALUE(AB157)) -> 10-60 | AE157: =VLOOKUP(AD157,'Main_Sub Desc'!C:D,2,) -> LPC from invoicing | AF157: =VLOOKUP(VALUE(H157),'Main_Sub Desc'!F:G,2,) -> Wtr Rev Late Payment | AG157: =IFERROR(VLOOKUP(VALUE(I157),'PC Mapping'!A:F,6,),"") -> 10719 | AH157: =VLOOKUP(AG157,'PC Mapping'!L:M,2,) -> All Other Water
A158: 10001655229 | B158: R4-250604-00 | C158: FA | D158: R4 | E158: 45811 | G158: 3106 | H158: 420520 | I158: 10719 | J158: 0 | K158: -5 | M158: -5 | N158: USD | O158: O1 | P158: USMO6560521480 | Q158: 1000165522910719 | S158: SLONERO | T158: 45812 | U158: 45812 | V158: 0 | Y158: 3101664186 | Z158: 200013321357 | AA158: 0010 | AB158: 0060 | AC158: C1 | AD158: =CONCATENATE(VALUE(AA158),"-",VALUE(AB158)) -> 10-60 | AE158: =VLOOKUP(AD158,'Main_Sub Desc'!C:D,2,) -> LPC from invoicing | AF158: =VLOOKUP(VALUE(H158),'Main_Sub Desc'!F:G,2,) -> Wtr Rev Late Payment | AG158: =IFERROR(VLOOKUP(VALUE(I158),'PC Mapping'!A:F,6,),"") -> 10719 | AH158: =VLOOKUP(AG158,'PC Mapping'!L:M,2,) -> All Other Water
A159: 10001655265 | B159: R4-250604-00 | C159: FA | D159: R4 | E159: 45811 | G159: 3106 | H159: 420520 | I159: 10719 | J159: 0 | K159: -5 | M159: -5 | N159: USD | O159: O1 | P159: USMO6560596170 | Q159: 1000165526510719 | S159: SLONERO | T159: 45812 | U159: 45812 | V159: 0 | Y159: 3101483902 | Z159: 200013284548 | AA159: 0010 | AB159: 0060 | AC159: C1 | AD159: =CONCATENATE(VALUE(AA159),"-",VALUE(AB159)) -> 10-60 | AE159: =VLOOKUP(AD159,'Main_Sub Desc'!C:D,2,) -> LPC from invoicing | AF159: =VLOOKUP(VALUE(H159),'Main_Sub Desc'!F:G,2,) -> Wtr Rev Late Payment | AG159: =IFERROR(VLOOKUP(VALUE(I159),'PC Mapping'!A:F,6,),"") -> 10719 | AH159: =VLOOKUP(AG159,'PC Mapping'!L:M,2,) -> All Other Water
A160: 10001655271 | B160: R4-250604-00 | C160: FA | D160: R4 | E160: 45811 | G160: 3106 | H160: 420520 | I160: 10719 | J160: 0 | K160: -11.24 | M160: -11.24 | N160: USD | O160: O1 | P160: USMO6571471451 | Q160: 1000165527110719 | S160: SLONERO | T160: 45812 | U160: 45812 | V160: 0 | Y160: 3101599274 | Z160: 200011666126 | AA160: 0010 | AB160: 0060 | AC160: R1 | AD160: =CONCATENATE(VALUE(AA160),"-",VALUE(AB160)) -> 10-60 | AE160: =VLOOKUP(AD160,'Main_Sub Desc'!C:D,2,) -> LPC from invoicing | AF160: =VLOOKUP(VALUE(H160),'Main_Sub Desc'!F:G,2,) -> Wtr Rev Late Payment | AG160: =IFERROR(VLOOKUP(VALUE(I160),'PC Mapping'!A:F,6,),"") -> 10719 | AH160: =VLOOKUP(AG160,'PC Mapping'!L:M,2,) -> All Other Water
A161: 10001655277 | B161: R4-250604-00 | C161: FA | D161: R4 | E161: 45811 | G161: 3106 | H161: 420520 | I161: 10719 | J161: 0 | K161: -6.3 | M161: -6.3 | N161: USD | O161: O1 | P161: USMO6396686971 | Q161: 1000165527710719 | S161: SLONERO | T161: 45812 | U161: 45812 | V161: 0 | Y161: 3101486443 | Z161: 200011150691 | AA161: 0010 | AB161: 0060 | AC161: R1 | AD161: =CONCATENATE(VALUE(AA161),"-",VALUE(AB161)) -> 10-60 | AE161: =VLOOKUP(AD161,'Main_Sub Desc'!C:D,2,) -> LPC from invoicing | AF161: =VLOOKUP(VALUE(H161),'Main_Sub Desc'!F:G,2,) -> Wtr Rev Late Payment | AG161: =IFERROR(VLOOKUP(VALUE(I161),'PC Mapping'!A:F,6,),"") -> 10719 | AH161: =VLOOKUP(AG161,'PC Mapping'!L:M,2,) -> All Other Water
A162: 10001655301 | B162: R4-250604-00 | C162: FA | D162: R4 | E162: 45811 | G162: 3106 | H162: 420520 | I162: 10719 | J162: 0 | K162: -5 | M162: -5 | N162: USD | O162: O1 | P162: USMO6396688211 | Q162: 1000165530110719 | S162: SLONERO | T162: 45812 | U162: 45812 | V162: 0 | Y162: 3101567208 | Z162: 200014559591 | AA162: 0010 | AB162: 0060 | AC162: R1 | AD162: =CONCATENATE(VALUE(AA162),"-",VALUE(AB162)) -> 10-60 | AE162: =VLOOKUP(AD162,'Main_Sub Desc'!C:D,2,) -> LPC from invoicing | AF162: =VLOOKUP(VALUE(H162),'Main_Sub Desc'!F:G,2,) -> Wtr Rev Late Payment | AG162: =IFERROR(VLOOKUP(VALUE(I162),'PC Mapping'!A:F,6,),"") -> 10719 | AH162: =VLOOKUP(AG162,'PC Mapping'!L:M,2,) -> All Other Water
A163: 10001655410 | B163: R4-250604-00 | C163: FA | D163: R4 | E163: 45811 | G163: 3106 | H163: 420520 | I163: 10469 | J163: 0 | K163: -6.19 | M163: -6.19 | N163: USD | O163: O1 | P163: USMO6561324950 | Q163: 1000165541010469 | S163: SLONERO | T163: 45812 | U163: 45812 | V163: 0 | Y163: 3101566611 | Z163: 200014069591 | AA163: 0010 | AB163: 0060 | AC163: R1 | AD163: =CONCATENATE(VALUE(AA163),"-",VALUE(AB163)) -> 10-60 | AE163: =VLOOKUP(AD163,'Main_Sub Desc'!C:D,2,) -> LPC from invoicing | AF163: =VLOOKUP(VALUE(H163),'Main_Sub Desc'!F:G,2,) -> Wtr Rev Late Payment | AG163: =IFERROR(VLOOKUP(VALUE(I163),'PC Mapping'!A:F,6,),"") -> 10469 | AH163: =VLOOKUP(AG163,'PC Mapping'!L:M,2,) -> Bolivar Water
A164: 10001655410 | B164: R4-250604-00 | C164: FA | D164: R4 | E164: 45811 | G164: 3106 | H164: 430420 | I164: 10514 | J164: 0 | K164: -9.37 | M164: -9.37 | N164: USD | O164: O1 | P164: USMO6561324950 | Q164: 1000165541010514 | S164: SLONERO | T164: 45812 | U164: 45812 | V164: 0 | Y164: 3101567671 | Z164: 200014069591 | AA164: 0010 | AB164: 0060 | AC164: R1 | AD164: =CONCATENATE(VALUE(AA164),"-",VALUE(AB164)) -> 10-60 | AE164: =VLOOKUP(AD164,'Main_Sub Desc'!C:D,2,) -> LPC from invoicing | AF164: =VLOOKUP(VALUE(H164),'Main_Sub Desc'!F:G,2,) -> Wst Rev Late Payment | AG164: =IFERROR(VLOOKUP(VALUE(I164),'PC Mapping'!A:F,6,),"") -> 10514 | AH164: =VLOOKUP(AG164,'PC Mapping'!L:M,2,) -> Bolivar Sewer
A165: 10001655454 | B165: R4-250604-00 | C165: FA | D165: R4 | E165: 45812 | G165: 3106 | H165: 420520 | I165: 10469 | J165: 0 | K165: -5 | M165: -5 | N165: USD | O165: O1 | P165: USMO6561322620 | Q165: 1000165545410469 | S165: TROSS2 | T165: 45812 | U165: 45813 | V165: 0 | Y165: 3102055873 | Z165: 200014466201 | AA165: 0010 | AB165: 0060 | AC165: R1 | AD165: =CONCATENATE(VALUE(AA165),"-",VALUE(AB165)) -> 10-60 | AE165: =VLOOKUP(AD165,'Main_Sub Desc'!C:D,2,) -> LPC from invoicing | AF165: =VLOOKUP(VALUE(H165),'Main_Sub Desc'!F:G,2,) -> Wtr Rev Late Payment | AG165: =IFERROR(VLOOKUP(VALUE(I165),'PC Mapping'!A:F,6,),"") -> 10469 | AH165: =VLOOKUP(AG165,'PC Mapping'!L:M,2,) -> Bolivar Water
A166: 10001655513 | B166: R4-250604-00 | C166: FA | D166: R4 | E166: 45812 | F166: 48050448975 | G166: 3106 | H166: 430420 | I166: 10514 | J166: 0 | K166: -14.57 | M166: -14.57 | N166: USD | O166: O1 | P166: USMO6561329320 | Q166: 1000165551310514 | S166: LJOHNSON3 | T166: 45812 | U166: 45813 | V166: 0 | Y166: 3101596159 | Z166: 200012303372 | AA166: 0010 | AB166: 0060 | AC166: R1 | AD166: =CONCATENATE(VALUE(AA166),"-",VALUE(AB166)) -> 10-60 | AE166: =VLOOKUP(AD166,'Main_Sub Desc'!C:D,2,) -> LPC from invoicing | AF166: =VLOOKUP(VALUE(H166),'Main_Sub Desc'!F:G,2,) -> Wst Rev Late Payment | AG166: =IFERROR(VLOOKUP(VALUE(I166),'PC Mapping'!A:F,6,),"") -> 10514 | AH166: =VLOOKUP(AG166,'PC Mapping'!L:M,2,) -> Bolivar Sewer
A167: 10001655513 | B167: R4-250604-00 | C167: FA | D167: R4 | E167: 45812 | F167: 48050448975 | G167: 3106 | H167: 420520 | I167: 10469 | J167: 0 | K167: -10.21 | M167: -10.21 | N167: USD | O167: O1 | P167: USMO6561329320 | Q167: 1000165551310469 | S167: LJOHNSON3 | T167: 45812 | U167: 45813 | V167: 0 | Y167: 3101596063 | Z167: 200012303372 | AA167: 0010 | AB167: 0060 | AC167: R1 | AD167: =CONCATENATE(VALUE(AA167),"-",VALUE(AB167)) -> 10-60 | AE167: =VLOOKUP(AD167,'Main_Sub Desc'!C:D,2,) -> LPC from invoicing | AF167: =VLOOKUP(VALUE(H167),'Main_Sub Desc'!F:G,2,) -> Wtr Rev Late Payment | AG167: =IFERROR(VLOOKUP(VALUE(I167),'PC Mapping'!A:F,6,),"") -> 10469 | AH167: =VLOOKUP(AG167,'PC Mapping'!L:M,2,) -> Bolivar Water
A168: 10001655514 | B168: R4-250604-00 | C168: FA | D168: R4 | E168: 45812 | F168: 48050448974 | G168: 3106 | H168: 430420 | I168: 10514 | J168: 0 | K168: -14.57 | M168: -14.57 | N168: USD | O168: O1 | P168: USMO6561329320 | Q168: 1000165551410514 | S168: LJOHNSON3 | T168: 45812 | U168: 45813 | V168: 0 | Y168: 3101596159 | Z168: 200012303372 | AA168: 0010 | AB168: 0060 | AC168: R1 | AD168: =CONCATENATE(VALUE(AA168),"-",VALUE(AB168)) -> 10-60 | AE168: =VLOOKUP(AD168,'Main_Sub Desc'!C:D,2,) -> LPC from invoicing | AF168: =VLOOKUP(VALUE(H168),'Main_Sub Desc'!F:G,2,) -> Wst Rev Late Payment | AG168: =IFERROR(VLOOKUP(VALUE(I168),'PC Mapping'!A:F,6,),"") -> 10514 | AH168: =VLOOKUP(AG168,'PC Mapping'!L:M,2,) -> Bolivar Sewer
A169: 10001655514 | B169: R4-250604-00 | C169: FA | D169: R4 | E169: 45812 | F169: 48050448974 | G169: 3106 | H169: 420520 | I169: 10469 | J169: 0 | K169: -10.21 | M169: -10.21 | N169: USD | O169: O1 | P169: USMO6561329320 | Q169: 1000165551410469 | S169: LJOHNSON3 | T169: 45812 | U169: 45813 | V169: 0 | Y169: 3101596063 | Z169: 200012303372 | AA169: 0010 | AB169: 0060 | AC169: R1 | AD169: =CONCATENATE(VALUE(AA169),"-",VALUE(AB169)) -> 10-60 | AE169: =VLOOKUP(AD169,'Main_Sub Desc'!C:D,2,) -> LPC from invoicing | AF169: =VLOOKUP(VALUE(H169),'Main_Sub Desc'!F:G,2,) -> Wtr Rev Late Payment | AG169: =IFERROR(VLOOKUP(VALUE(I169),'PC Mapping'!A:F,6,),"") -> 10469 | AH169: =VLOOKUP(AG169,'PC Mapping'!L:M,2,) -> Bolivar Water
A170: 10001655690 | B170: R4-250604-00 | C170: FA | D170: R4 | E170: 45812 | G170: 3106 | H170: 430420 | I170: 10514 | J170: 0 | K170: -10 | M170: -10 | N170: USD | O170: O1 | P170: USMO6561322540 | Q170: 1000165569010514 | S170: TROSS2 | T170: 45812 | U170: 45813 | V170: 0 | Y170: 3101575587 | Z170: 200014182469 | AA170: 0010 | AB170: 0060 | AC170: C1 | AD170: =CONCATENATE(VALUE(AA170),"-",VALUE(AB170)) -> 10-60 | AE170: =VLOOKUP(AD170,'Main_Sub Desc'!C:D,2,) -> LPC from invoicing | AF170: =VLOOKUP(VALUE(H170),'Main_Sub Desc'!F:G,2,) -> Wst Rev Late Payment | AG170: =IFERROR(VLOOKUP(VALUE(I170),'PC Mapping'!A:F,6,),"") -> 10514 | AH170: =VLOOKUP(AG170,'PC Mapping'!L:M,2,) -> Bolivar Sewer
A171: 10001655690 | B171: R4-250604-00 | C171: FA | D171: R4 | E171: 45812 | G171: 3106 | H171: 420520 | I171: 10469 | J171: 0 | K171: -10 | M171: -10 | N171: USD | O171: O1 | P171: USMO6561322540 | Q171: 1000165569010469 | S171: TROSS2 | T171: 45812 | U171: 45813 | V171: 0 | Y171: 3101575491 | Z171: 200014182469 | AA171: 0010 | AB171: 0060 | AC171: C1 | AD171: =CONCATENATE(VALUE(AA171),"-",VALUE(AB171)) -> 10-60 | AE171: =VLOOKUP(AD171,'Main_Sub Desc'!C:D,2,) -> LPC from invoicing | AF171: =VLOOKUP(VALUE(H171),'Main_Sub Desc'!F:G,2,) -> Wtr Rev Late Payment | AG171: =IFERROR(VLOOKUP(VALUE(I171),'PC Mapping'!A:F,6,),"") -> 10469 | AH171: =VLOOKUP(AG171,'PC Mapping'!L:M,2,) -> Bolivar Water
A172: 10001656050 | B172: R4-250604-00 | C172: FA | D172: R4 | E172: 45812 | F172: 52000470621 | G172: 3106 | H172: 420520 | I172: 10469 | J172: 0 | K172: -5 | M172: -5 | N172: USD | O172: O1 | P172: USMO6561319610 | Q172: 1000165605010469 | S172: TROSS2 | T172: 45812 | U172: 45813 | V172: 0 | Y172: 3102248088 | Z172: 200016043958 | AA172: 0010 | AB172: 0060 | AC172: R1 | AD172: =CONCATENATE(VALUE(AA172),"-",VALUE(AB172)) -> 10-60 | AE172: =VLOOKUP(AD172,'Main_Sub Desc'!C:D,2,) -> LPC from invoicing | AF172: =VLOOKUP(VALUE(H172),'Main_Sub Desc'!F:G,2,) -> Wtr Rev Late Payment | AG172: =IFERROR(VLOOKUP(VALUE(I172),'PC Mapping'!A:F,6,),"") -> 10469 | AH172: =VLOOKUP(AG172,'PC Mapping'!L:M,2,) -> Bolivar Water
A173: 10001656051 | B173: R4-250604-00 | C173: FA | D173: R4 | E173: 45812 | F173: 52000470620 | G173: 3106 | H173: 420520 | I173: 10469 | J173: 0 | K173: -5 | M173: -5 | N173: USD | O173: O1 | P173: USMO6561319610 | Q173: 1000165605110469 | S173: TROSS2 | T173: 45812 | U173: 45813 | V173: 0 | Y173: 3102248088 | Z173: 200016043958 | AA173: 0010 | AB173: 0060 | AC173: R1 | AD173: =CONCATENATE(VALUE(AA173),"-",VALUE(AB173)) -> 10-60 | AE173: =VLOOKUP(AD173,'Main_Sub Desc'!C:D,2,) -> LPC from invoicing | AF173: =VLOOKUP(VALUE(H173),'Main_Sub Desc'!F:G,2,) -> Wtr Rev Late Payment | AG173: =IFERROR(VLOOKUP(VALUE(I173),'PC Mapping'!A:F,6,),"") -> 10469 | AH173: =VLOOKUP(AG173,'PC Mapping'!L:M,2,) -> Bolivar Water
A174: 10001656052 | B174: R4-250604-00 | C174: FA | D174: R4 | E174: 45812 | F174: 52000470599 | G174: 3106 | H174: 420520 | I174: 10469 | J174: 0 | K174: -5 | M174: -5 | N174: USD | O174: O1 | P174: USMO6561319610 | Q174: 1000165605210469 | S174: TROSS2 | T174: 45812 | U174: 45813 | V174: 0 | Y174: 3102248088 | Z174: 200016043958 | AA174: 0010 | AB174: 0060 | AC174: R1 | AD174: =CONCATENATE(VALUE(AA174),"-",VALUE(AB174)) -> 10-60 | AE174: =VLOOKUP(AD174,'Main_Sub Desc'!C:D,2,) -> LPC from invoicing | AF174: =VLOOKUP(VALUE(H174),'Main_Sub Desc'!F:G,2,) -> Wtr Rev Late Payment | AG174: =IFERROR(VLOOKUP(VALUE(I174),'PC Mapping'!A:F,6,),"") -> 10469 | AH174: =VLOOKUP(AG174,'PC Mapping'!L:M,2,) -> Bolivar Water
A175: 10001656059 | B175: R4-250604-00 | C175: FA | D175: R4 | E175: 45812 | G175: 3106 | H175: 430420 | I175: 10514 | J175: 0 | K175: -5 | M175: -5 | N175: USD | O175: O1 | P175: USMO6561321070 | Q175: 1000165605910514 | S175: TROSS2 | T175: 45812 | U175: 45813 | V175: 0 | Y175: 3102125388 | Z175: 200015452135 | AA175: 0010 | AB175: 0060 | AC175: R1 | AD175: =CONCATENATE(VALUE(AA175),"-",VALUE(AB175)) -> 10-60 | AE175: =VLOOKUP(AD175,'Main_Sub Desc'!C:D,2,) -> LPC from invoicing | AF175: =VLOOKUP(VALUE(H175),'Main_Sub Desc'!F:G,2,) -> Wst Rev Late Payment | AG175: =IFERROR(VLOOKUP(VALUE(I175),'PC Mapping'!A:F,6,),"") -> 10514 | AH175: =VLOOKUP(AG175,'PC Mapping'!L:M,2,) -> Bolivar Sewer
A176: 10001656059 | B176: R4-250604-00 | C176: FA | D176: R4 | E176: 45812 | G176: 3106 | H176: 420520 | I176: 10469 | J176: 0 | K176: -5 | M176: -5 | N176: USD | O176: O1 | P176: USMO6561321070 | Q176: 1000165605910469 | S176: TROSS2 | T176: 45812 | U176: 45813 | V176: 0 | Y176: 3102125387 | Z176: 200015452135 | AA176: 0010 | AB176: 0060 | AC176: R1 | AD176: =CONCATENATE(VALUE(AA176),"-",VALUE(AB176)) -> 10-60 | AE176: =VLOOKUP(AD176,'Main_Sub Desc'!C:D,2,) -> LPC from invoicing | AF176: =VLOOKUP(VALUE(H176),'Main_Sub Desc'!F:G,2,) -> Wtr Rev Late Payment | AG176: =IFERROR(VLOOKUP(VALUE(I176),'PC Mapping'!A:F,6,),"") -> 10469 | AH176: =VLOOKUP(AG176,'PC Mapping'!L:M,2,) -> Bolivar Water
A177: 10001656424 | B177: R4-250605-00 | C177: FA | D177: R4 | E177: 45813 | G177: 3106 | H177: 420520 | I177: 10719 | J177: 0 | K177: -5 | M177: -5 | N177: USD | O177: O1 | P177: USMO6562773951 | Q177: 1000165642410719 | S177: TROSS2 | T177: 45813 | U177: 45814 | V177: 0 | Y177: 3101604028 | Z177: 200014187492 | AA177: 0010 | AB177: 0060 | AC177: R1 | AD177: =CONCATENATE(VALUE(AA177),"-",VALUE(AB177)) -> 10-60 | AE177: =VLOOKUP(AD177,'Main_Sub Desc'!C:D,2,) -> LPC from invoicing | AF177: =VLOOKUP(VALUE(H177),'Main_Sub Desc'!F:G,2,) -> Wtr Rev Late Payment | AG177: =IFERROR(VLOOKUP(VALUE(I177),'PC Mapping'!A:F,6,),"") -> 10719 | AH177: =VLOOKUP(AG177,'PC Mapping'!L:M,2,) -> All Other Water
A178: 10001656436 | B178: R4-250605-00 | C178: FA | D178: R4 | E178: 45812 | G178: 3106 | H178: 420520 | I178: 10719 | J178: 0 | K178: -42.57 | M178: -42.57 | N178: USD | O178: O1 | P178: USMO6560511250 | Q178: 1000165643610719 | S178: SLONERO | T178: 45813 | U178: 45813 | V178: 0 | Y178: 3101695892 | Z178: 200010966790 | AA178: 0010 | AB178: 0060 | AC178: R1 | AD178: =CONCATENATE(VALUE(AA178),"-",VALUE(AB178)) -> 10-60 | AE178: =VLOOKUP(AD178,'Main_Sub Desc'!C:D,2,) -> LPC from invoicing | AF178: =VLOOKUP(VALUE(H178),'Main_Sub Desc'!F:G,2,) -> Wtr Rev Late Payment | AG178: =IFERROR(VLOOKUP(VALUE(I178),'PC Mapping'!A:F,6,),"") -> 10719 | AH178: =VLOOKUP(AG178,'PC Mapping'!L:M,2,) -> All Other Water
A179: 10001656517 | B179: R4-250605-00 | C179: FA | D179: R4 | E179: 45813 | F179: 52000471177 | G179: 3106 | H179: 430420 | I179: 10514 | J179: 0 | K179: -5 | M179: -5 | N179: USD | O179: O1 | P179: USMO6561321300 | Q179: 1000165651710514 | S179: JPARRISH | T179: 45813 | U179: 45814 | V179: 0 | Y179: 3102281314 | Z179: 200016223535 | AA179: 0010 | AB179: 0060 | AC179: C1 | AD179: =CONCATENATE(VALUE(AA179),"-",VALUE(AB179)) -> 10-60 | AE179: =VLOOKUP(AD179,'Main_Sub Desc'!C:D,2,) -> LPC from invoicing | AF179: =VLOOKUP(VALUE(H179),'Main_Sub Desc'!F:G,2,) -> Wst Rev Late Payment | AG179: =IFERROR(VLOOKUP(VALUE(I179),'PC Mapping'!A:F,6,),"") -> 10514 | AH179: =VLOOKUP(AG179,'PC Mapping'!L:M,2,) -> Bolivar Sewer
A180: 10001656530 | B180: R4-250605-00 | C180: FA | D180: R4 | E180: 45813 | F180: 52000471174 | G180: 3106 | H180: 430420 | I180: 10514 | J180: 0 | K180: -5 | M180: -5 | N180: USD | O180: O1 | P180: USMO6561321300 | Q180: 1000165653010514 | S180: JPARRISH | T180: 45813 | U180: 45814 | V180: 0 | Y180: 3102281314 | Z180: 200016223535 | AA180: 0010 | AB180: 0060 | AC180: C1 | AD180: =CONCATENATE(VALUE(AA180),"-",VALUE(AB180)) -> 10-60 | AE180: =VLOOKUP(AD180,'Main_Sub Desc'!C:D,2,) -> LPC from invoicing | AF180: =VLOOKUP(VALUE(H180),'Main_Sub Desc'!F:G,2,) -> Wst Rev Late Payment | AG180: =IFERROR(VLOOKUP(VALUE(I180),'PC Mapping'!A:F,6,),"") -> 10514 | AH180: =VLOOKUP(AG180,'PC Mapping'!L:M,2,) -> Bolivar Sewer
A181: 10001656705 | B181: R4-250605-00 | C181: FA | D181: R4 | E181: 45813 | G181: 3106 | H181: 430420 | I181: 10514 | J181: 0 | K181: -5 | M181: -5 | N181: USD | O181: O1 | P181: USMO6561317400 | Q181: 1000165670510514 | S181: MSTALLINGS | T181: 45813 | U181: 45814 | V181: 0 | Y181: 3101581016 | Z181: 200013316456 | AA181: 0010 | AB181: 0060 | AC181: R1 | AD181: =CONCATENATE(VALUE(AA181),"-",VALUE(AB181)) -> 10-60 | AE181: =VLOOKUP(AD181,'Main_Sub Desc'!C:D,2,) -> LPC from invoicing | AF181: =VLOOKUP(VALUE(H181),'Main_Sub Desc'!F:G,2,) -> Wst Rev Late Payment | AG181: =IFERROR(VLOOKUP(VALUE(I181),'PC Mapping'!A:F,6,),"") -> 10514 | AH181: =VLOOKUP(AG181,'PC Mapping'!L:M,2,) -> Bolivar Sewer
A182: 10001656705 | B182: R4-250605-00 | C182: FA | D182: R4 | E182: 45813 | G182: 3106 | H182: 420520 | I182: 10469 | J182: 0 | K182: -5 | M182: -5 | N182: USD | O182: O1 | P182: USMO6561317400 | Q182: 1000165670510469 | S182: MSTALLINGS | T182: 45813 | U182: 45814 | V182: 0 | Y182: 3101580920 | Z182: 200013316456 | AA182: 0010 | AB182: 0060 | AC182: R1 | AD182: =CONCATENATE(VALUE(AA182),"-",VALUE(AB182)) -> 10-60 | AE182: =VLOOKUP(AD182,'Main_Sub Desc'!C:D,2,) -> LPC from invoicing | AF182: =VLOOKUP(VALUE(H182),'Main_Sub Desc'!F:G,2,) -> Wtr Rev Late Payment | AG182: =IFERROR(VLOOKUP(VALUE(I182),'PC Mapping'!A:F,6,),"") -> 10469 | AH182: =VLOOKUP(AG182,'PC Mapping'!L:M,2,) -> Bolivar Water
A183: 10001656706 | B183: R4-250605-00 | C183: FA | D183: R4 | E183: 45813 | G183: 3106 | H183: 430420 | I183: 10514 | J183: 0 | K183: -5 | M183: -5 | N183: USD | O183: O1 | P183: USMO6561317400 | Q183: 1000165670610514 | S183: MSTALLINGS | T183: 45813 | U183: 45814 | V183: 0 | Y183: 3101581016 | Z183: 200013316456 | AA183: 0010 | AB183: 0060 | AC183: R1 | AD183: =CONCATENATE(VALUE(AA183),"-",VALUE(AB183)) -> 10-60 | AE183: =VLOOKUP(AD183,'Main_Sub Desc'!C:D,2,) -> LPC from invoicing | AF183: =VLOOKUP(VALUE(H183),'Main_Sub Desc'!F:G,2,) -> Wst Rev Late Payment | AG183: =IFERROR(VLOOKUP(VALUE(I183),'PC Mapping'!A:F,6,),"") -> 10514 | AH183: =VLOOKUP(AG183,'PC Mapping'!L:M,2,) -> Bolivar Sewer
A184: 10001656706 | B184: R4-250605-00 | C184: FA | D184: R4 | E184: 45813 | G184: 3106 | H184: 420520 | I184: 10469 | J184: 0 | K184: -5 | M184: -5 | N184: USD | O184: O1 | P184: USMO6561317400 | Q184: 1000165670610469 | S184: MSTALLINGS | T184: 45813 | U184: 45814 | V184: 0 | Y184: 3101580920 | Z184: 200013316456 | AA184: 0010 | AB184: 0060 | AC184: R1 | AD184: =CONCATENATE(VALUE(AA184),"-",VALUE(AB184)) -> 10-60 | AE184: =VLOOKUP(AD184,'Main_Sub Desc'!C:D,2,) -> LPC from invoicing | AF184: =VLOOKUP(VALUE(H184),'Main_Sub Desc'!F:G,2,) -> Wtr Rev Late Payment | AG184: =IFERROR(VLOOKUP(VALUE(I184),'PC Mapping'!A:F,6,),"") -> 10469 | AH184: =VLOOKUP(AG184,'PC Mapping'!L:M,2,) -> Bolivar Water
A185: 10001656707 | B185: R4-250605-00 | C185: FA | D185: R4 | E185: 45813 | G185: 3106 | H185: 430420 | I185: 10514 | J185: 0 | K185: -5 | M185: -5 | N185: USD | O185: O1 | P185: USMO6561317400 | Q185: 1000165670710514 | S185: MSTALLINGS | T185: 45813 | U185: 45814 | V185: 0 | Y185: 3101581016 | Z185: 200013316456 | AA185: 0010 | AB185: 0060 | AC185: R1 | AD185: =CONCATENATE(VALUE(AA185),"-",VALUE(AB185)) -> 10-60 | AE185: =VLOOKUP(AD185,'Main_Sub Desc'!C:D,2,) -> LPC from invoicing | AF185: =VLOOKUP(VALUE(H185),'Main_Sub Desc'!F:G,2,) -> Wst Rev Late Payment | AG185: =IFERROR(VLOOKUP(VALUE(I185),'PC Mapping'!A:F,6,),"") -> 10514 | AH185: =VLOOKUP(AG185,'PC Mapping'!L:M,2,) -> Bolivar Sewer
A186: 10001656707 | B186: R4-250605-00 | C186: FA | D186: R4 | E186: 45813 | G186: 3106 | H186: 420520 | I186: 10469 | J186: 0 | K186: -5 | M186: -5 | N186: USD | O186: O1 | P186: USMO6561317400 | Q186: 1000165670710469 | S186: MSTALLINGS | T186: 45813 | U186: 45814 | V186: 0 | Y186: 3101580920 | Z186: 200013316456 | AA186: 0010 | AB186: 0060 | AC186: R1 | AD186: =CONCATENATE(VALUE(AA186),"-",VALUE(AB186)) -> 10-60 | AE186: =VLOOKUP(AD186,'Main_Sub Desc'!C:D,2,) -> LPC from invoicing | AF186: =VLOOKUP(VALUE(H186),'Main_Sub Desc'!F:G,2,) -> Wtr Rev Late Payment | AG186: =IFERROR(VLOOKUP(VALUE(I186),'PC Mapping'!A:F,6,),"") -> 10469 | AH186: =VLOOKUP(AG186,'PC Mapping'!L:M,2,) -> Bolivar Water
A187: 10001656708 | B187: R4-250605-00 | C187: FA | D187: R4 | E187: 45813 | G187: 3106 | H187: 420520 | I187: 10469 | J187: 0 | K187: -5 | M187: -5 | N187: USD | O187: O1 | P187: USMO6561317400 | Q187: 1000165670810469 | S187: MSTALLINGS | T187: 45813 | U187: 45814 | V187: 0 | Y187: 3101580920 | Z187: 200013316456 | AA187: 0010 | AB187: 0060 | AC187: R1 | AD187: =CONCATENATE(VALUE(AA187),"-",VALUE(AB187)) -> 10-60 | AE187: =VLOOKUP(AD187,'Main_Sub Desc'!C:D,2,) -> LPC from invoicing | AF187: =VLOOKUP(VALUE(H187),'Main_Sub Desc'!F:G,2,) -> Wtr Rev Late Payment | AG187: =IFERROR(VLOOKUP(VALUE(I187),'PC Mapping'!A:F,6,),"") -> 10469 | AH187: =VLOOKUP(AG187,'PC Mapping'!L:M,2,) -> Bolivar Water
A188: 10001656708 | B188: R4-250605-00 | C188: FA | D188: R4 | E188: 45813 | G188: 3106 | H188: 430420 | I188: 10514 | J188: 0 | K188: -5 | M188: -5 | N188: USD | O188: O1 | P188: USMO6561317400 | Q188: 1000165670810514 | S188: MSTALLINGS | T188: 45813 | U188: 45814 | V188: 0 | Y188: 3101581016 | Z188: 200013316456 | AA188: 0010 | AB188: 0060 | AC188: R1 | AD188: =CONCATENATE(VALUE(AA188),"-",VALUE(AB188)) -> 10-60 | AE188: =VLOOKUP(AD188,'Main_Sub Desc'!C:D,2,) -> LPC from invoicing | AF188: =VLOOKUP(VALUE(H188),'Main_Sub Desc'!F:G,2,) -> Wst Rev Late Payment | AG188: =IFERROR(VLOOKUP(VALUE(I188),'PC Mapping'!A:F,6,),"") -> 10514 | AH188: =VLOOKUP(AG188,'PC Mapping'!L:M,2,) -> Bolivar Sewer
A189: 10001656709 | B189: R4-250605-00 | C189: FA | D189: R4 | E189: 45813 | G189: 3106 | H189: 430420 | I189: 10514 | J189: 0 | K189: -5 | M189: -5 | N189: USD | O189: O1 | P189: USMO6561317400 | Q189: 1000165670910514 | S189: MSTALLINGS | T189: 45813 | U189: 45814 | V189: 0 | Y189: 3101581016 | Z189: 200013316456 | AA189: 0010 | AB189: 0060 | AC189: R1 | AD189: =CONCATENATE(VALUE(AA189),"-",VALUE(AB189)) -> 10-60 | AE189: =VLOOKUP(AD189,'Main_Sub Desc'!C:D,2,) -> LPC from invoicing | AF189: =VLOOKUP(VALUE(H189),'Main_Sub Desc'!F:G,2,) -> Wst Rev Late Payment | AG189: =IFERROR(VLOOKUP(VALUE(I189),'PC Mapping'!A:F,6,),"") -> 10514 | AH189: =VLOOKUP(AG189,'PC Mapping'!L:M,2,) -> Bolivar Sewer
A190: 10001656709 | B190: R4-250605-00 | C190: FA | D190: R4 | E190: 45813 | G190: 3106 | H190: 420520 | I190: 10469 | J190: 0 | K190: -5 | M190: -5 | N190: USD | O190: O1 | P190: USMO6561317400 | Q190: 1000165670910469 | S190: MSTALLINGS | T190: 45813 | U190: 45814 | V190: 0 | Y190: 3101580920 | Z190: 200013316456 | AA190: 0010 | AB190: 0060 | AC190: R1 | AD190: =CONCATENATE(VALUE(AA190),"-",VALUE(AB190)) -> 10-60 | AE190: =VLOOKUP(AD190,'Main_Sub Desc'!C:D,2,) -> LPC from invoicing | AF190: =VLOOKUP(VALUE(H190),'Main_Sub Desc'!F:G,2,) -> Wtr Rev Late Payment | AG190: =IFERROR(VLOOKUP(VALUE(I190),'PC Mapping'!A:F,6,),"") -> 10469 | AH190: =VLOOKUP(AG190,'PC Mapping'!L:M,2,) -> Bolivar Water
A191: 10001656806 | B191: R9-250605-00 | C191: FA | D191: R9 | E191: 45811 | G191: 3106 | H191: 420520 | I191: 10469 | J191: 0 | K191: 5 | M191: 5 | N191: USD | O191: O1 | P191: USMO6561311240 | Q191: 1000165680610469 | S191: FF_MD_03 | T191: 45813 | U191: 45812 | V191: 0 | Y191: 3102277310 | Z191: 200016201531 | AA191: 0010 | AB191: 0060 | AC191: R1 | AD191: =CONCATENATE(VALUE(AA191),"-",VALUE(AB191)) -> 10-60 | AE191: =VLOOKUP(AD191,'Main_Sub Desc'!C:D,2,) -> LPC from invoicing | AF191: =VLOOKUP(VALUE(H191),'Main_Sub Desc'!F:G,2,) -> Wtr Rev Late Payment | AG191: =IFERROR(VLOOKUP(VALUE(I191),'PC Mapping'!A:F,6,),"") -> 10469 | AH191: =VLOOKUP(AG191,'PC Mapping'!L:M,2,) -> Bolivar Water
A192: 10001656939 | B192: R4-250605-00 | C192: FA | D192: R4 | E192: 45813 | G192: 3106 | H192: 420520 | I192: 10469 | J192: 0 | K192: -5 | M192: -5 | N192: USD | O192: O1 | P192: USMO6561300000 | Q192: 1000165693910469 | S192: TCRAGG | T192: 45813 | U192: 45814 | V192: 0 | Y192: 3101494679 | Z192: 200013550369 | AA192: 0010 | AB192: 0060 | AC192: C1 | AD192: =CONCATENATE(VALUE(AA192),"-",VALUE(AB192)) -> 10-60 | AE192: =VLOOKUP(AD192,'Main_Sub Desc'!C:D,2,) -> LPC from invoicing | AF192: =VLOOKUP(VALUE(H192),'Main_Sub Desc'!F:G,2,) -> Wtr Rev Late Payment | AG192: =IFERROR(VLOOKUP(VALUE(I192),'PC Mapping'!A:F,6,),"") -> 10469 | AH192: =VLOOKUP(AG192,'PC Mapping'!L:M,2,) -> Bolivar Water
... A216: 10001658055 | B216: R4-250606-00 | C216: FA | D216: R4 | E216: 45814 | G216: 3106 | H216: 420520 | I216: 10719 | J216: 0 | K216: -5 | M216: -5 | N216: USD | O216: O1 | P216: USMO6562774021 | Q216: 1000165805510719 | S216: TROSS2 | T216: 45814 | U216: 45817 | V216: 0 | Y216: 3101673839 | Z216: 200011516057 | AA216: 0010 | AB216: 0060 | AC216: R1 | AD216: =CONCATENATE(VALUE(AA216),"-",VALUE(AB216)) -> 10-60 | AE216: =VLOOKUP(AD216,'Main_Sub Desc'!C:D,2,) -> LPC from invoicing | AF216: =VLOOKUP(VALUE(H216),'Main_Sub Desc'!F:G,2,) -> Wtr Rev Late Payment | AG216: =IFERROR(VLOOKUP(VALUE(I216),'PC Mapping'!A:F,6,),"") -> 10719 | AH216: =VLOOKUP(AG216,'PC Mapping'!L:M,2,) -> All Other Water
A217: 10001658122 | B217: R4-250606-00 | C217: FA | D217: R4 | E217: 45814 | F217: 48050452252 | G217: 3106 | H217: 420520 | I217: 10719 | J217: 0 | K217: -5 | M217: -5 | N217: USD | O217: O1 | P217: USMO6574093221 | Q217: 1000165812210719 | S217: TROSS2 | T217: 45814 | U217: 45817 | V217: 0 | Y217: 3101578857 | Z217: 200014159236 | AA217: 0010 | AB217: 0060 | AC217: R1 | AD217: =CONCATENATE(VALUE(AA217),"-",VALUE(AB217)) -> 10-60 | AE217: =VLOOKUP(AD217,'Main_Sub Desc'!C:D,2,) -> LPC from invoicing | AF217: =VLOOKUP(VALUE(H217),'Main_Sub Desc'!F:G,2,) -> Wtr Rev Late Payment | AG217: =IFERROR(VLOOKUP(VALUE(I217),'PC Mapping'!A:F,6,),"") -> 10719 | AH217: =VLOOKUP(AG217,'PC Mapping'!L:M,2,) -> All Other Water
A218: 10001658124 | B218: R4-250606-00 | C218: FA | D218: R4 | E218: 45814 | F218: 48050452251 | G218: 3106 | H218: 420520 | I218: 10719 | J218: 0 | K218: -5 | M218: -5 | N218: USD | O218: O1 | P218: USMO6574093221 | Q218: 1000165812410719 | S218: TROSS2 | T218: 45814 | U218: 45817 | V218: 0 | Y218: 3101578857 | Z218: 200014159236 | AA218: 0010 | AB218: 0060 | AC218: R1 | AD218: =CONCATENATE(VALUE(AA218),"-",VALUE(AB218)) -> 10-60 | AE218: =VLOOKUP(AD218,'Main_Sub Desc'!C:D,2,) -> LPC from invoicing | AF218: =VLOOKUP(VALUE(H218),'Main_Sub Desc'!F:G,2,) -> Wtr Rev Late Payment | AG218: =IFERROR(VLOOKUP(VALUE(I218),'PC Mapping'!A:F,6,),"") -> 10719 | AH218: =VLOOKUP(AG218,'PC Mapping'!L:M,2,) -> All Other Water
A219: 10001658355 | B219: R4-250607-00 | C219: FA | D219: R4 | E219: 45815 | G219: 3106 | H219: 420520 | I219: 10719 | J219: 0 | K219: -5 | M219: -5 | N219: USD | O219: O1 | P219: USMO6561600000 | Q219: 1000165835510719 | S219: TROSS2 | T219: 45815 | U219: 45817 | V219: 0 | Y219: 3101629531 | Z219: 200011900806 | AA219: 0010 | AB219: 0060 | AC219: R1 | AD219: =CONCATENATE(VALUE(AA219),"-",VALUE(AB219)) -> 10-60 | AE219: =VLOOKUP(AD219,'Main_Sub Desc'!C:D,2,) -> LPC from invoicing | AF219: =VLOOKUP(VALUE(H219),'Main_Sub Desc'!F:G,2,) -> Wtr Rev Late Payment | AG219: =IFERROR(VLOOKUP(VALUE(I219),'PC Mapping'!A:F,6,),"") -> 10719 | AH219: =VLOOKUP(AG219,'PC Mapping'!L:M,2,) -> All Other Water
A220: 10001658368 | B220: R4-250607-00 | C220: FA | D220: R4 | E220: 45815 | G220: 3106 | H220: 420520 | I220: 10719 | J220: 0 | K220: -5 | M220: -5 | N220: USD | O220: O1 | P220: USMO6561091991 | Q220: 1000165836810719 | S220: TROSS2 | T220: 45815 | U220: 45817 | V220: 0 | Y220: 3101523301 | Z220: 200014264846 | AA220: 0010 | AB220: 0060 | AC220: R1 | AD220: =CONCATENATE(VALUE(AA220),"-",VALUE(AB220)) -> 10-60 | AE220: =VLOOKUP(AD220,'Main_Sub Desc'!C:D,2,) -> LPC from invoicing | AF220: =VLOOKUP(VALUE(H220),'Main_Sub Desc'!F:G,2,) -> Wtr Rev Late Payment | AG220: =IFERROR(VLOOKUP(VALUE(I220),'PC Mapping'!A:F,6,),"") -> 10719 | AH220: =VLOOKUP(AG220,'PC Mapping'!L:M,2,) -> All Other Water
A221: 10001658370 | B221: R4-250607-00 | C221: FA | D221: R4 | E221: 45815 | G221: 3106 | H221: 420520 | I221: 10719 | J221: 0 | K221: -5 | M221: -5 | N221: USD | O221: O1 | P221: USMO6561091991 | Q221: 1000165837010719 | S221: TROSS2 | T221: 45815 | U221: 45817 | V221: 0 | Y221: 3101523301 | Z221: 200014264846 | AA221: 0010 | AB221: 0060 | AC221: R1 | AD221: =CONCATENATE(VALUE(AA221),"-",VALUE(AB221)) -> 10-60 | AE221: =VLOOKUP(AD221,'Main_Sub Desc'!C:D,2,) -> LPC from invoicing | AF221: =VLOOKUP(VALUE(H221),'Main_Sub Desc'!F:G,2,) -> Wtr Rev Late Payment | AG221: =IFERROR(VLOOKUP(VALUE(I221),'PC Mapping'!A:F,6,),"") -> 10719 | AH221: =VLOOKUP(AG221,'PC Mapping'!L:M,2,) -> All Other Water
A222: 10001659003 | B222: R4-250609-00 | C222: FA | D222: R4 | E222: 45814 | G222: 3106 | H222: 420520 | I222: 10719 | J222: 0 | K222: -7.64 | M222: -7.64 | N222: USD | O222: O1 | P222: USMO6576982931 | Q222: 1000165900310719 | S222: SLONERO | T222: 45817 | U222: 45817 | V222: 0 | Y222: 3101647143 | Z222: 200013497058 | AA222: 0010 | AB222: 0060 | AC222: R1 | AD222: =CONCATENATE(VALUE(AA222),"-",VALUE(AB222)) -> 10-60 | AE222: =VLOOKUP(AD222,'Main_Sub Desc'!C:D,2,) -> LPC from invoicing | AF222: =VLOOKUP(VALUE(H222),'Main_Sub Desc'!F:G,2,) -> Wtr Rev Late Payment | AG222: =IFERROR(VLOOKUP(VALUE(I222),'PC Mapping'!A:F,6,),"") -> 10719 | AH222: =VLOOKUP(AG222,'PC Mapping'!L:M,2,) -> All Other Water
A223: 10001659088 | B223: R4-250609-00 | C223: FA | D223: R4 | E223: 45817 | F223: 48050452250 | G223: 3106 | H223: 420520 | I223: 10469 | J223: 0 | K223: -5 | M223: -5 | N223: USD | O223: O1 | P223: USMO6561320800 | Q223: 1000165908810469 | S223: TROSS2 | T223: 45817 | U223: 45818 | V223: 0 | Y223: 3101536986 | Z223: 200011275456 | AA223: 0010 | AB223: 0060 | AC223: R1 | AD223: =CONCATENATE(VALUE(AA223),"-",VALUE(AB223)) -> 10-60 | AE223: =VLOOKUP(AD223,'Main_Sub Desc'!C:D,2,) -> LPC from invoicing | AF223: =VLOOKUP(VALUE(H223),'Main_Sub Desc'!F:G,2,) -> Wtr Rev Late Payment | AG223: =IFERROR(VLOOKUP(VALUE(I223),'PC Mapping'!A:F,6,),"") -> 10469 | AH223: =VLOOKUP(AG223,'PC Mapping'!L:M,2,) -> Bolivar Water
A224: 10001659694 | B224: R4-250610-00 | C224: FA | D224: R4 | E224: 45818 | G224: 3106 | H224: 420520 | I224: 10719 | J224: 0 | K224: -8.05 | M224: -8.05 | N224: USD | O224: O1 | P224: USMO6560562590 | Q224: 1000165969410719 | S224: TCRAGG | T224: 45818 | U224: 45819 | V224: 0 | Y224: 3102131325 | Z224: 200015482975 | AA224: 0010 | AB224: 0060 | AC224: R1 | AD224: =CONCATENATE(VALUE(AA224),"-",VALUE(AB224)) -> 10-60 | AE224: =VLOOKUP(AD224,'Main_Sub Desc'!C:D,2,) -> LPC from invoicing | AF224: =VLOOKUP(VALUE(H224),'Main_Sub Desc'!F:G,2,) -> Wtr Rev Late Payment | AG224: =IFERROR(VLOOKUP(VALUE(I224),'PC Mapping'!A:F,6,),"") -> 10719 | AH224: =VLOOKUP(AG224,'PC Mapping'!L:M,2,) -> All Other Water
A225: 10001660117 | B225: R4-250610-00 | C225: FA | D225: R4 | E225: 45818 | G225: 3106 | H225: 420520 | I225: 10469 | J225: 0 | K225: -5 | M225: -5 | N225: USD | O225: O1 | P225: USMO6561324000 | Q225: 1000166011710469 | S225: SLONERO | T225: 45818 | U225: 45819 | V225: 0 | Y225: 3102287766 | Z225: 200016254084 | AA225: 0010 | AB225: 0060 | AC225: R1 | AD225: =CONCATENATE(VALUE(AA225),"-",VALUE(AB225)) -> 10-60 | AE225: =VLOOKUP(AD225,'Main_Sub Desc'!C:D,2,) -> LPC from invoicing | AF225: =VLOOKUP(VALUE(H225),'Main_Sub Desc'!F:G,2,) -> Wtr Rev Late Payment | AG225: =IFERROR(VLOOKUP(VALUE(I225),'PC Mapping'!A:F,6,),"") -> 10469 | AH225: =VLOOKUP(AG225,'PC Mapping'!L:M,2,) -> Bolivar Water
A226: 10001660117 | B226: R4-250610-00 | C226: FA | D226: R4 | E226: 45818 | G226: 3106 | H226: 430420 | I226: 10514 | J226: 0 | K226: -5 | M226: -5 | N226: USD | O226: O1 | P226: USMO6561324000 | Q226: 1000166011710514 | S226: SLONERO | T226: 45818 | U226: 45819 | V226: 0 | Y226: 3102287767 | Z226: 200016254084 | AA226: 0010 | AB226: 0060 | AC226: R1 | AD226: =CONCATENATE(VALUE(AA226),"-",VALUE(AB226)) -> 10-60 | AE226: =VLOOKUP(AD226,'Main_Sub Desc'!C:D,2,) -> LPC from invoicing | AF226: =VLOOKUP(VALUE(H226),'Main_Sub Desc'!F:G,2,) -> Wst Rev Late Payment | AG226: =IFERROR(VLOOKUP(VALUE(I226),'PC Mapping'!A:F,6,),"") -> 10514 | AH226: =VLOOKUP(AG226,'PC Mapping'!L:M,2,) -> Bolivar Sewer
A227: 10001660118 | B227: R4-250610-00 | C227: FA | D227: R4 | E227: 45818 | G227: 3106 | H227: 430420 | I227: 10514 | J227: 0 | K227: -5 | M227: -5 | N227: USD | O227: O1 | P227: USMO6561324000 | Q227: 1000166011810514 | S227: SLONERO | T227: 45818 | U227: 45819 | V227: 0 | Y227: 3102287767 | Z227: 200016254084 | AA227: 0010 | AB227: 0060 | AC227: R1 | AD227: =CONCATENATE(VALUE(AA227),"-",VALUE(AB227)) -> 10-60 | AE227: =VLOOKUP(AD227,'Main_Sub Desc'!C:D,2,) -> LPC from invoicing | AF227: =VLOOKUP(VALUE(H227),'Main_Sub Desc'!F:G,2,) -> Wst Rev Late Payment | AG227: =IFERROR(VLOOKUP(VALUE(I227),'PC Mapping'!A:F,6,),"") -> 10514 | AH227: =VLOOKUP(AG227,'PC Mapping'!L:M,2,) -> Bolivar Sewer
A228: 10001660118 | B228: R4-250610-00 | C228: FA | D228: R4 | E228: 45818 | G228: 3106 | H228: 420520 | I228: 10469 | J228: 0 | K228: -5 | M228: -5 | N228: USD | O228: O1 | P228: USMO6561324000 | Q228: 1000166011810469 | S228: SLONERO | T228: 45818 | U228: 45819 | V228: 0 | Y228: 3102287766 | Z228: 200016254084 | AA228: 0010 | AB228: 0060 | AC228: R1 | AD228: =CONCATENATE(VALUE(AA228),"-",VALUE(AB228)) -> 10-60 | AE228: =VLOOKUP(AD228,'Main_Sub Desc'!C:D,2,) -> LPC from invoicing | AF228: =VLOOKUP(VALUE(H228),'Main_Sub Desc'!F:G,2,) -> Wtr Rev Late Payment | AG228: =IFERROR(VLOOKUP(VALUE(I228),'PC Mapping'!A:F,6,),"") -> 10469 | AH228: =VLOOKUP(AG228,'PC Mapping'!L:M,2,) -> Bolivar Water
A229: 10001660119 | B229: R4-250610-00 | C229: FA | D229: R4 | E229: 45818 | G229: 3106 | H229: 430420 | I229: 10514 | J229: 0 | K229: -5 | M229: -5 | N229: USD | O229: O1 | P229: USMO6561324000 | Q229: 1000166011910514 | S229: SLONERO | T229: 45818 | U229: 45819 | V229: 0 | Y229: 3102287767 | Z229: 200016254084 | AA229: 0010 | AB229: 0060 | AC229: R1 | AD229: =CONCATENATE(VALUE(AA229),"-",VALUE(AB229)) -> 10-60 | AE229: =VLOOKUP(AD229,'Main_Sub Desc'!C:D,2,) -> LPC from invoicing | AF229: =VLOOKUP(VALUE(H229),'Main_Sub Desc'!F:G,2,) -> Wst Rev Late Payment | AG229: =IFERROR(VLOOKUP(VALUE(I229),'PC Mapping'!A:F,6,),"") -> 10514 | AH229: =VLOOKUP(AG229,'PC Mapping'!L:M,2,) -> Bolivar Sewer
A230: 10001660119 | B230: R4-250610-00 | C230: FA | D230: R4 | E230: 45818 | G230: 3106 | H230: 420520 | I230: 10469 | J230: 0 | K230: -5 | M230: -5 | N230: USD | O230: O1 | P230: USMO6561324000 | Q230: 1000166011910469 | S230: SLONERO | T230: 45818 | U230: 45819 | V230: 0 | Y230: 3102287766 | Z230: 200016254084 | AA230: 0010 | AB230: 0060 | AC230: R1 | AD230: =CONCATENATE(VALUE(AA230),"-",VALUE(AB230)) -> 10-60 | AE230: =VLOOKUP(AD230,'Main_Sub Desc'!C:D,2,) -> LPC from invoicing | AF230: =VLOOKUP(VALUE(H230),'Main_Sub Desc'!F:G,2,) -> Wtr Rev Late Payment | AG230: =IFERROR(VLOOKUP(VALUE(I230),'PC Mapping'!A:F,6,),"") -> 10469 | AH230: =VLOOKUP(AG230,'PC Mapping'!L:M,2,) -> Bolivar Water
A231: 10001660401 | B231: R4-250610-00 | C231: FA | D231: R4 | E231: 45818 | G231: 3106 | H231: 420520 | I231: 10469 | J231: 0 | K231: -7.13 | M231: -7.13 | N231: USD | O231: O1 | P231: USMO6561313430 | Q231: 1000166040110469 | S231: TROSS2 | T231: 45818 | U231: 45819 | V231: 0 | Y231: 3101635987 | Z231: 200013156365 | AA231: 0010 | AB231: 0060 | AC231: R1 | AD231: =CONCATENATE(VALUE(AA231),"-",VALUE(AB231)) -> 10-60 | AE231: =VLOOKUP(AD231,'Main_Sub Desc'!C:D,2,) -> LPC from invoicing | AF231: =VLOOKUP(VALUE(H231),'Main_Sub Desc'!F:G,2,) -> Wtr Rev Late Payment | AG231: =IFERROR(VLOOKUP(VALUE(I231),'PC Mapping'!A:F,6,),"") -> 10469 | AH231: =VLOOKUP(AG231,'PC Mapping'!L:M,2,) -> Bolivar Water
A232: 10001660401 | B232: R4-250610-00 | C232: FA | D232: R4 | E232: 45818 | G232: 3106 | H232: 430420 | I232: 10514 | J232: 0 | K232: -11.04 | M232: -11.04 | N232: USD | O232: O1 | P232: USMO6561313430 | Q232: 1000166040110514 | S232: TROSS2 | T232: 45818 | U232: 45819 | V232: 0 | Y232: 3101635892 | Z232: 200013156365 | AA232: 0010 | AB232: 0060 | AC232: R1 | AD232: =CONCATENATE(VALUE(AA232),"-",VALUE(AB232)) -> 10-60 | AE232: =VLOOKUP(AD232,'Main_Sub Desc'!C:D,2,) -> LPC from invoicing | AF232: =VLOOKUP(VALUE(H232),'Main_Sub Desc'!F:G,2,) -> Wst Rev Late Payment | AG232: =IFERROR(VLOOKUP(VALUE(I232),'PC Mapping'!A:F,6,),"") -> 10514 | AH232: =VLOOKUP(AG232,'PC Mapping'!L:M,2,) -> Bolivar Sewer
A233: 10001660404 | B233: R4-250610-00 | C233: FA | D233: R4 | E233: 45818 | G233: 3106 | H233: 420520 | I233: 10469 | J233: 0 | K233: -7.13 | M233: -7.13 | N233: USD | O233: O1 | P233: USMO6561313430 | Q233: 1000166040410469 | S233: TROSS2 | T233: 45818 | U233: 45819 | V233: 0 | Y233: 3101635987 | Z233: 200013156365 | AA233: 0010 | AB233: 0060 | AC233: R1 | AD233: =CONCATENATE(VALUE(AA233),"-",VALUE(AB233)) -> 10-60 | AE233: =VLOOKUP(AD233,'Main_Sub Desc'!C:D,2,) -> LPC from invoicing | AF233: =VLOOKUP(VALUE(H233),'Main_Sub Desc'!F:G,2,) -> Wtr Rev Late Payment | AG233: =IFERROR(VLOOKUP(VALUE(I233),'PC Mapping'!A:F,6,),"") -> 10469 | AH233: =VLOOKUP(AG233,'PC Mapping'!L:M,2,) -> Bolivar Water
A234: 10001660404 | B234: R4-250610-00 | C234: FA | D234: R4 | E234: 45818 | G234: 3106 | H234: 430420 | I234: 10514 | J234: 0 | K234: -11.04 | M234: -11.04 | N234: USD | O234: O1 | P234: USMO6561313430 | Q234: 1000166040410514 | S234: TROSS2 | T234: 45818 | U234: 45819 | V234: 0 | Y234: 3101635892 | Z234: 200013156365 | AA234: 0010 | AB234: 0060 | AC234: R1 | AD234: =CONCATENATE(VALUE(AA234),"-",VALUE(AB234)) -> 10-60 | AE234: =VLOOKUP(AD234,'Main_Sub Desc'!C:D,2,) -> LPC from invoicing | AF234: =VLOOKUP(VALUE(H234),'Main_Sub Desc'!F:G,2,) -> Wst Rev Late Payment | AG234: =IFERROR(VLOOKUP(VALUE(I234),'PC Mapping'!A:F,6,),"") -> 10514 | AH234: =VLOOKUP(AG234,'PC Mapping'!L:M,2,) -> Bolivar Sewer
A235: 10001660405 | B235: R4-250610-00 | C235: FA | D235: R4 | E235: 45818 | G235: 3106 | H235: 420520 | I235: 10469 | J235: 0 | K235: -7.13 | M235: -7.13 | N235: USD | O235: O1 | P235: USMO6561313430 | Q235: 1000166040510469 | S235: TROSS2 | T235: 45818 | U235: 45819 | V235: 0 | Y235: 3101635987 | Z235: 200013156365 | AA235: 0010 | AB235: 0060 | AC235: R1 | AD235: =CONCATENATE(VALUE(AA235),"-",VALUE(AB235)) -> 10-60 | AE235: =VLOOKUP(AD235,'Main_Sub Desc'!C:D,2,) -> LPC from invoicing | AF235: =VLOOKUP(VALUE(H235),'Main_Sub Desc'!F:G,2,) -> Wtr Rev Late Payment | AG235: =IFERROR(VLOOKUP(VALUE(I235),'PC Mapping'!A:F,6,),"") -> 10469 | AH235: =VLOOKUP(AG235,'PC Mapping'!L:M,2,) -> Bolivar Water
... A293: 10001663258 | B293: R4-250613-00 | C293: FA | D293: R4 | E293: 45821 | G293: 3106 | H293: 420520 | I293: 10719 | J293: 0 | K293: -5.11 | M293: -5.11 | N293: USD | O293: O1 | P293: USMO6307720250 | Q293: 1000166325810719 | S293: TCRAGG | T293: 45821 | U293: 45824 | V293: 0 | Y293: 3101634511 | Z293: 200011789829 | AA293: 0010 | AB293: 0060 | AC293: R1 | AD293: =CONCATENATE(VALUE(AA293),"-",VALUE(AB293)) -> 10-60 | AE293: =VLOOKUP(AD293,'Main_Sub Desc'!C:D,2,) -> LPC from invoicing | AF293: =VLOOKUP(VALUE(H293),'Main_Sub Desc'!F:G,2,) -> Wtr Rev Late Payment | AG293: =IFERROR(VLOOKUP(VALUE(I293),'PC Mapping'!A:F,6,),"") -> 10719 | AH293: =VLOOKUP(AG293,'PC Mapping'!L:M,2,) -> All Other Water
A294: 10001663312 | B294: R4-250613-00 | C294: FA | D294: R4 | E294: 45821 | F294: 48050452218 | G294: 3106 | H294: 420520 | I294: 10469 | J294: 0 | K294: -5 | M294: -5 | N294: USD | O294: O1 | P294: USMO6561323380 | Q294: 1000166331210469 | S294: TROSS2 | T294: 45821 | U294: 45824 | V294: 0 | Y294: 3101518049 | Z294: 200011028384 | AA294: 0010 | AB294: 0060 | AC294: R1 | AD294: =CONCATENATE(VALUE(AA294),"-",VALUE(AB294)) -> 10-60 | AE294: =VLOOKUP(AD294,'Main_Sub Desc'!C:D,2,) -> LPC from invoicing | AF294: =VLOOKUP(VALUE(H294),'Main_Sub Desc'!F:G,2,) -> Wtr Rev Late Payment | AG294: =IFERROR(VLOOKUP(VALUE(I294),'PC Mapping'!A:F,6,),"") -> 10469 | AH294: =VLOOKUP(AG294,'PC Mapping'!L:M,2,) -> Bolivar Water
A295: 10001663312 | B295: R4-250613-00 | C295: FA | D295: R4 | E295: 45821 | F295: 48050452218 | G295: 3106 | H295: 430420 | I295: 10514 | J295: 0 | K295: -5 | M295: -5 | N295: USD | O295: O1 | P295: USMO6561323380 | Q295: 1000166331210514 | S295: TROSS2 | T295: 45821 | U295: 45824 | V295: 0 | Y295: 3101518145 | Z295: 200011028384 | AA295: 0010 | AB295: 0060 | AC295: R1 | AD295: =CONCATENATE(VALUE(AA295),"-",VALUE(AB295)) -> 10-60 | AE295: =VLOOKUP(AD295,'Main_Sub Desc'!C:D,2,) -> LPC from invoicing | AF295: =VLOOKUP(VALUE(H295),'Main_Sub Desc'!F:G,2,) -> Wst Rev Late Payment | AG295: =IFERROR(VLOOKUP(VALUE(I295),'PC Mapping'!A:F,6,),"") -> 10514 | AH295: =VLOOKUP(AG295,'PC Mapping'!L:M,2,) -> Bolivar Sewer
A296: 10001663314 | B296: R4-250613-00 | C296: FA | D296: R4 | E296: 45821 | F296: 48050452217 | G296: 3106 | H296: 420520 | I296: 10469 | J296: 0 | K296: -5 | M296: -5 | N296: USD | O296: O1 | P296: USMO6561323380 | Q296: 1000166331410469 | S296: TROSS2 | T296: 45821 | U296: 45824 | V296: 0 | Y296: 3101518049 | Z296: 200011028384 | AA296: 0010 | AB296: 0060 | AC296: R1 | AD296: =CONCATENATE(VALUE(AA296),"-",VALUE(AB296)) -> 10-60 | AE296: =VLOOKUP(AD296,'Main_Sub Desc'!C:D,2,) -> LPC from invoicing | AF296: =VLOOKUP(VALUE(H296),'Main_Sub Desc'!F:G,2,) -> Wtr Rev Late Payment | AG296: =IFERROR(VLOOKUP(VALUE(I296),'PC Mapping'!A:F,6,),"") -> 10469 | AH296: =VLOOKUP(AG296,'PC Mapping'!L:M,2,) -> Bolivar Water
A297: 10001663314 | B297: R4-250613-00 | C297: FA | D297: R4 | E297: 45821 | F297: 48050452217 | G297: 3106 | H297: 430420 | I297: 10514 | J297: 0 | K297: -5 | M297: -5 | N297: USD | O297: O1 | P297: USMO6561323380 | Q297: 1000166331410514 | S297: TROSS2 | T297: 45821 | U297: 45824 | V297: 0 | Y297: 3101518145 | Z297: 200011028384 | AA297: 0010 | AB297: 0060 | AC297: R1 | AD297: =CONCATENATE(VALUE(AA297),"-",VALUE(AB297)) -> 10-60 | AE297: =VLOOKUP(AD297,'Main_Sub Desc'!C:D,2,) -> LPC from invoicing | AF297: =VLOOKUP(VALUE(H297),'Main_Sub Desc'!F:G,2,) -> Wst Rev Late Payment | AG297: =IFERROR(VLOOKUP(VALUE(I297),'PC Mapping'!A:F,6,),"") -> 10514 | AH297: =VLOOKUP(AG297,'PC Mapping'!L:M,2,) -> Bolivar Sewer
A298: 10001663317 | B298: R4-250613-00 | C298: FA | D298: R4 | E298: 45821 | G298: 3106 | H298: 430420 | I298: 10514 | J298: 0 | K298: -5 | M298: -5 | N298: USD | O298: O1 | P298: USMO6561371041 | Q298: 1000166331710514 | S298: TROSS2 | T298: 45821 | U298: 45824 | V298: 0 | Y298: 3101691623 | Z298: 200012177040 | AA298: 0010 | AB298: 0060 | AC298: R1 | AD298: =CONCATENATE(VALUE(AA298),"-",VALUE(AB298)) -> 10-60 | AE298: =VLOOKUP(AD298,'Main_Sub Desc'!C:D,2,) -> LPC from invoicing | AF298: =VLOOKUP(VALUE(H298),'Main_Sub Desc'!F:G,2,) -> Wst Rev Late Payment | AG298: =IFERROR(VLOOKUP(VALUE(I298),'PC Mapping'!A:F,6,),"") -> 10514 | AH298: =VLOOKUP(AG298,'PC Mapping'!L:M,2,) -> Bolivar Sewer
A299: 10001663317 | B299: R4-250613-00 | C299: FA | D299: R4 | E299: 45821 | G299: 3106 | H299: 420520 | I299: 10469 | J299: 0 | K299: -5 | M299: -5 | N299: USD | O299: O1 | P299: USMO6561371041 | Q299: 1000166331710469 | S299: TROSS2 | T299: 45821 | U299: 45824 | V299: 0 | Y299: 3101691703 | Z299: 200012177040 | AA299: 0010 | AB299: 0060 | AC299: R1 | AD299: =CONCATENATE(VALUE(AA299),"-",VALUE(AB299)) -> 10-60 | AE299: =VLOOKUP(AD299,'Main_Sub Desc'!C:D,2,) -> LPC from invoicing | AF299: =VLOOKUP(VALUE(H299),'Main_Sub Desc'!F:G,2,) -> Wtr Rev Late Payment | AG299: =IFERROR(VLOOKUP(VALUE(I299),'PC Mapping'!A:F,6,),"") -> 10469 | AH299: =VLOOKUP(AG299,'PC Mapping'!L:M,2,) -> Bolivar Water
A300: 10001663320 | B300: R4-250613-00 | C300: FA | D300: R4 | E300: 45821 | G300: 3106 | H300: 420520 | I300: 10719 | J300: 0 | K300: -7 | M300: -7 | N300: USD | O300: O1 | P300: USMO6485493740 | Q300: 1000166332010719 | S300: TCRAGG | T300: 45821 | U300: 45824 | V300: 0 | Y300: 3101542579 | Z300: 200014350124 | AA300: 0010 | AB300: 0060 | AC300: C1 | AD300: =CONCATENATE(VALUE(AA300),"-",VALUE(AB300)) -> 10-60 | AE300: =VLOOKUP(AD300,'Main_Sub Desc'!C:D,2,) -> LPC from invoicing | AF300: =VLOOKUP(VALUE(H300),'Main_Sub Desc'!F:G,2,) -> Wtr Rev Late Payment | AG300: =IFERROR(VLOOKUP(VALUE(I300),'PC Mapping'!A:F,6,),"") -> 10719 | AH300: =VLOOKUP(AG300,'PC Mapping'!L:M,2,) -> All Other Water
A301: 10001663321 | B301: R4-250613-00 | C301: FA | D301: R4 | E301: 45821 | G301: 3106 | H301: 420520 | I301: 10719 | J301: 0 | K301: -5 | M301: -5 | N301: USD | O301: O1 | P301: USMO6307739131 | Q301: 1000166332110719 | S301: TCRAGG | T301: 45821 | U301: 45824 | V301: 0 | Y301: 3101521767 | Z301: 200013455015 | AA301: 0010 | AB301: 0060 | AC301: R1 | AD301: =CONCATENATE(VALUE(AA301),"-",VALUE(AB301)) -> 10-60 | AE301: =VLOOKUP(AD301,'Main_Sub Desc'!C:D,2,) -> LPC from invoicing | AF301: =VLOOKUP(VALUE(H301),'Main_Sub Desc'!F:G,2,) -> Wtr Rev Late Payment | AG301: =IFERROR(VLOOKUP(VALUE(I301),'PC Mapping'!A:F,6,),"") -> 10719 | AH301: =VLOOKUP(AG301,'PC Mapping'!L:M,2,) -> All Other Water
...
